 Dungeon Crawl Stone Soup version 0.25-a0-1137-g7f6bfe439b (webtiles) character file.

Game seed: 1554371989603518453, levelgen mode: deterministic

1724237 bmfx the Peltast (level 27, 171/277 HPs)
             Began as a Deep Dwarf Chaos Knight on May 22, 2020.
             Was a Favourite Plaything of Xom.
             Escaped with the Orb
             ... and 3 runes on May 23, 2020!
             The game lasted 04:53:42 (76102 turns).

bmfx the Peltast (Deep Dwarf Chaos Knight)         Turns: 76102, Time: 04:53:42

Health: 171/277    AC: 35    Str: 35    XL:     27
Magic:  6/6 (18)   EV: 22    Int:  8    God:    Xom [....*.]
Gold:   1052       SH: 38    Dex: 21    Spells: 35/46 levels left

rFire    + + +     SeeInvis +   w - +8 war axe of Absolution {antimagic, +Fly rF++ Int-3 Dex+2}
rCold    + + .     Gourm    .   S - +7 tower shield of the Unbroken {+Fly rC+ Dex-2 Stlth+}
rNeg     + + .     Faith    .   c - +1 plate armour of a Labyrinth {rF+ rCorr Slay+6}
rPois    +         Spirit   .   P - +0 helmet of Plog {rN+ MR+ Slay+3}
rElec    .         Reflect  +   V - +2 cloak {MR+}
rCorr    +         Harm     .   J - +2 pair of gloves {Dex+3}
MR       +++++     Clarity  +   j - +2 pair of boots {run}
Stlth    ++........             D - amulet of Autumn {Reflect rPois Str+10 Int-2 Dex+2 SH+5}
HPRegen  0.00/turn              v - +4 ring of slaying
MPRegen  0.10/turn              s - ring of the Commoners {rF+ SInv}

@: non-regenerating, hasted, very quick
A: damage resistance, heal wounds, claws 1, repulsion field 1, thin skeletal
structure 1, yellow scales 1, camouflage 1, see invisible, agile 1, blink,
clarity, cold resistance 1, dopey 2, low mp 1, magic resistance 1, mutation
resistance 2, negative energy resistance 1, sense surroundings 3, robust 1, wild
magic 1, no regeneration
0: Orb of Zot
}: 3/15 runes: serpentine, barnacled, silver
a: Heal Wounds, Blink, Renounce Religion, Evoke Flight


You escaped.
You worshipped Xom.
You were a beloved toy of Xom.
You were very full.

You visited 9 branches of the dungeon, and saw 49 of its levels.
You also visited: Trove, Ossuary, Gauntlet and Ice Cave.

You collected 8300 gold pieces.
You spent 7248 gold pieces at shops.


Innate Abilities, Weirdness & Mutations

You are resistant to damage.
You can heal yourself by infusing magical energy.
You resist negative energy. (rN+)
You passively map a large area around you.
You do not regenerate.
You have sharp fingernails.
You are surrounded by a mild repulsion field. (EV +2)
You have a somewhat thin skeletal structure. (Dex +2, Stealth)
You are partially covered in yellow scales. (AC +2)
Your skin changes colour to match your surroundings (Stealth+).
You have supernaturally acute eyesight. (SInv)
You are agile. (Dex +2)
You can translocate small distances at will.
You possess an exceptional clarity of mind.
Your flesh is cold resistant. (rC+)
You are very dopey. (Int -4)
Your magical capacity is low. (-10% MP)
You are resistant to hostile enchantments. (MR+)
You are somewhat resistant to both further mutation and mutation removal.
You are robust. (+10% HP)
Your spells are a little harder to cast, but a little more powerful.

Dungeon Overview and Level Annotations

Branches:
Dungeon (15/15)            Temple (0/1) D:5            Lair (6/6) D:10
 Shoals (4/4) Lair:3        Snake (4/4) Lair:3        Slime (0/5) Lair:6
    Orc (2/2) D:10            Elf (3/3) Orc:2        Vaults (5/5) D:13
  Crypt (0/3) Vaults:3     Depths (5/5) D:15            Zot (5/5) Depths:5
Ossuary (visited)           IceCv (visited)         Gauntlet (visited)

Altars:
Ashenzari
Cheibriados
Dithmenos
Elyvilon
Gozag
Hepliaklqana
Makhleb
Nemelex Xobeh
Sif Muna
Vehumet
Xom
The Shining One
Jiyva

Shops:
D:4 *   D:5 %!*   D:6 [   D:9 ?[((!   D:10 }   D:11 *((=%   D:12 }   Orc:1 (
Orc:2 ([*:   Elf:1 [!*[   Elf:2 }==*   Elf:3 [   Shoals:3 *   Snake:1 !%
Depths:2 !:?   Depths:4 (

Portals:
Hell: Depths:1 Depths:2 Depths:3 Depths:4 Depths:5
Abyss: Depths:2 Depths:4
Pandemonium: Depths:3
Ziggurat: Depths:5
Ice
Cave: D:14

Annotations:
Shoals:1 3 runed translucent doors, HYPERHYPER's ghost, journeyman DDFi
Shoals:2 exclusion: 2 oklob plants
Elf:3 Roxanne


   Skills:
 + Level 15.7 Fighting
 - Level 16.3(18.0) Axes
   Level 12.5(15.4) Maces & Flails
   Level 8.0(16.9) Slings
 - Level 19.6(20.0) Throwing
 - Level 20.0 Armour
 - Level 15.1 Dodging
 - Level 15.0 Stealth
 - Level 20.0 Shields
 - Level 10.0 Spellcasting
 - Level 15.0 Necromancy
 - Level 8.0 Translocations
 - Level 18.0 Earth Magic
 - Level 12.0 Evocations


You had 35 spell levels left.
You knew the following spells:

 Your Spells              Type           Power        Failure   Level  Hunger
a - Apportation           Tloc           ###...       6%          1    None
b - Blink                 Tloc           N/A          9%          2    #......
A - Borgnjor's Vile Clut  Necr/Erth      #####.....   5%          5    ######.
B - Lesser Beckoning      Tloc           ###.......   16%         3    ###....

Your spell library contained the following spells:

 Spells                   Type           Power        Failure   Level  Hunger
 Animate Skeleton         Necr           N/A          1%          1    None
 Pain                     Necr           ####         1%          1    None
 Sublimation of Blood     Necr           #####.....   1%          2    #......
 Vampiric Draining        Necr           #####.....   1%          3    ###....
 Animate Dead             Necr           N/A          3%          4    ####...
 Dispel Undead            Necr           #####...     3%          4    ####...
 Agony                    Necr           #####...     10%         5    ######.
 Corpse Rot               Necr/Air       N/A          11%         2    #......
 Gell's Gravitas          Tloc           ###.......   16%         3    ###....
 Teleport Other           Tloc           ###.....     16%         3    ###....
 Leda's Liquefaction      Hex/Erth       ###.......   32%         4    ####...
 Petrify                  Tmut/Erth      ###.....     32%         4    ####...
 Shroud of Golubria       Chrm/Tloc      ##....       36%         2    #......
 Death Channel            Necr           #####.....   41%         6    #######
 Portal Projectile        Hex/Tloc       ##....       58%         3    ###....
 Recall                   Summ/Tloc      N/A          58%         3    ###....
 Beastly Appendage        Tmut           #.....       77%         1    None
 Corona                   Hex            #......      77%         1    None
 Freeze                   Ice            #...         77%         1    None
 Infusion                 Chrm           #...         77%         1    None
 Magic Dart               Conj           #...         77%         1    None
 Summon Small Mammal      Summ           #...         77%         1    None
 Excruciating Wounds      Chrm/Necr      ###.......   83%         5    ######.
 Call Imp                 Summ           #.......     88%         2    #......
 Ensorcelled Hibernation  Hex/Ice        #.....       88%         2    #......
 Poisonous Vapours        Pois/Air       #.....       88%         2    #......
 Searing Ray              Conj           #.....       88%         2    #......
 Slow                     Hex            #.......     88%         2    #......
 Song of Slaying          Chrm           #.......     88%         2    #......
 Sticks to Snakes         Tmut           #.......     88%         2    #......
 Swiftness                Chrm/Air       #.......     88%         2    #......
 Iskenderun's Mystic Bla  Conj/Tloc      ##......     92%         4    ####...
 Bolt of Magma            Conj/Fire/Erth ###.......   96%         5    ######.
 Call Canine Familiar     Summ           #.......     98%         3    ###....
 Confusing Touch          Hex            #.......     98%         3    ###....
 Conjure Flame            Conj/Fire      #.......     98%         3    ###....
 Dazzling Flash           Conj/Hex       #.....       98%         3    ###....
 Frozen Ramparts          Ice            #.....       98%         3    ###....
 Ignite Poison            Fire/Tmut/Pois #.......     98%         3    ###....
 Inner Flame              Hex/Fire       #.......     98%         3    ###....
 Mephitic Cloud           Conj/Pois/Air  #.......     98%         3    ###....
 Ozocubu's Armour         Chrm/Ice       #.......     98%         3    ###....
 Spectral Weapon          Hex/Chrm       #.......     98%         3    ###....
 Spider Form              Tmut/Pois      #.........   98%         3    ###....
 Static Discharge         Conj/Air       #.......     98%         3    ###....
 Summon Guardian Golem    Hex/Summ       #.......     98%         3    ###....
 Tukima's Dance           Hex            #.......     98%         3    ###....
 Iron Shot                Conj/Erth      ###.......   99%         6    #######
 Statue Form              Tmut/Erth      ###......    99%         6    #######
 Cause Fear               Hex            #.........   100%        4    ####...
 Fulminant Prism          Conj/Hex       #.........   100%        4    ####...
 Hailstorm                Conj/Ice       #.......     100%        4    ####...
 Ice Form                 Ice/Tmut       #.......     100%        4    ####...
 Sticky Flame             Conj/Fire      #.......     100%        4    ####...
 Summon Ice Beast         Ice/Summ       #.......     100%        4    ####...
 Summon Lightning Spire   Summ/Air       #.......     100%        4    ####...
 Blade Hands              Tmut           #.........   100%        5    ######.
 Fireball                 Conj/Fire      #.........   100%        5    ######.
 Irradiate                Conj/Tmut      #.........   100%        5    ######.
 Iskenderun's Battlesphe  Conj/Chrm      #.......     100%        5    ######.
 Lightning Bolt           Conj/Air       #.........   100%        5    ######.
 Metabolic Englaciation   Hex/Ice        #.........   100%        5    ######.
 Silence                  Hex/Air        #.........   100%        5    ######.
 Summon Mana Viper        Hex/Summ       #.......     100%        5    ######.
 Yara's Violent Unravell  Hex/Tmut       #.........   100%        5    ######.
 Conjure Ball Lightning   Conj/Air       #.........   100%        6    #######
 Darkness                 Hex            #.........   100%        6    #######
 Dispersal                Tloc           ###.......   100%        6    #######
 Freezing Cloud           Conj/Ice/Air   #.........   100%        6    #######
 Hydra Form               Tmut           #.........   100%        6    #######
 Ozocubu's Refrigeration  Ice            #.........   100%        6    #######
 Simulacrum               Ice/Necr       ###.......   100%        6    #######
 Starburst                Conj/Fire      #.........   100%        6    #######
 Dragon Form              Tmut           #.........   100%        7    #######
 Malign Gateway           Summ/Tloc      ##........   100%        7    #######
 Monstrous Menagerie      Summ           #.........   100%        7    #######
 Orb of Destruction       Conj           #.........   100%        7    #######
 Ring of Flames           Chrm/Fire      #.........   100%        7    #######
 Spellforged Servitor     Conj/Summ      #.........   100%        7    #######
 Summon Greater Demon     Summ           #.........   100%        7    #######
 Controlled Blink         Tloc           N/A          100%        8    #######
 Discord                  Hex            #.........   100%        8    #######
 Disjunction              Tloc           ###.......   100%        8    #######
 Ignition                 Fire           #.........   100%        8    #######
 Summon Horrible Things   Summ           #.........   100%        8    #######
 Shatter                  Erth           #####.....   100%        9    #######
 Tornado                  Air            #.........   100%        9    #######
 Passage of Golubria      Tloc           Unusable     N/A         4    N/A

Action                   |  1- 3 |  4- 6 |  7- 9 | 10-12 | 13-15 | 16-18 | 19-21 | 22-24 | 25-27 || total
-------------------------+-------+-------+-------+-------+-------+-------+-------+-------+-------++-------
Melee: Hand axe          |    96 |   112 |   325 |   199 |       |       |       |       |       ||   732
       Battleaxe         |       |       |       |    71 |       |       |       |       |       ||    71
       Morningstar       |       |       |       |   688 |  2161 |   645 |    82 |       |       ||  3576
       War axe           |       |       |       |       |   227 |  1842 |  1354 |  1523 |  1305 ||  6251
       Rapier            |       |       |       |       |    13 |       |       |       |       ||    13
       Broad axe         |       |       |       |       |       |    17 |   296 |   140 |   178 ||   631
       Peck              |       |       |       |       |       |       |   475 |    29 |       ||   504
 Fire: Hunting sling     |    76 |   132 |   382 |   109 |       |       |       |       |       ||   699
Throw: Stone             |       |     1 |       |     3 |       |       |       |       |       ||     4
       Javelin           |       |       |       |       |     6 |       |       |       |   140 ||   146
 Cast: Apportation       |       |       |       |       |       |     2 |     1 |       |    39 ||    42
       Borgnjor's Vile C |       |       |       |       |       |       |     9 |    57 |    87 ||   153
       Blink             |       |       |       |       |       |       |       |       |     9 ||     9
       Lesser Beckoning  |       |       |       |       |       |       |       |       |     1 ||     1
 Abil: Heal Wounds       |     2 |     5 |     5 |    15 |     2 |     9 |     6 |     6 |     9 ||    59
       Evoke Blink       |       |       |       |       |       |       |     1 |       |       ||     1
       Blink             |       |       |       |       |       |       |       |     2 |       ||     2
Evoke: Wand              |       |       |       |    15 |    32 |    47 |    11 |    18 |     9 ||   132
       Lightning rod     |       |       |       |     6 |       |    24 |     8 |       |     5 ||    43
       Tin of tremorston |       |       |       |       |     3 |    12 |    17 |    10 |     9 ||    51
       Box of beasts     |       |       |       |       |       |       |     2 |       |       ||     2
       Phial of floods   |       |       |       |       |       |       |     1 |       |       ||     1
       Phantom mirror    |       |       |       |       |       |       |     1 |       |       ||     1
  Use: Scroll            |     4 |     7 |     8 |    11 |    12 |     8 |    11 |    31 |    18 ||   110
       Potion            |       |       |     3 |     8 |     1 |    12 |     7 |    10 |    22 ||    63
 Stab: Petrifying        |     1 |       |       |     1 |       |       |     1 |       |     1 ||     4
       Paralysed         |       |       |     6 |     3 |     7 |     4 |     1 |     4 |    10 ||    35
       Petrified         |       |       |     3 |     4 |       |       |     3 |       |     1 ||    11
       Distracted        |       |       |       |     1 |     4 |     3 |     4 |    11 |     8 ||    31
       Confused          |       |       |       |     2 |     4 |    11 |     1 |     9 |     4 ||    31
       Invisible         |       |       |       |       |       |     6 |       |       |     9 ||    15
       Sleeping          |       |       |       |       |       |       |     3 |     1 |    16 ||    20
  Eat: Chunk             |     3 |     4 |     7 |    17 |    20 |    24 |    25 |    40 |    21 ||   161
       Ration            |       |     1 |     3 |     4 |     8 |     4 |     4 |     4 |    16 ||    44
Armor: Leather armour    |    29 |     9 |       |       |       |       |       |       |       ||    38
       Plate armour      |       |    26 |    68 |       |       |       |       |   413 |   317 ||   824
       Chain mail        |       |       |   130 |   251 |  1022 |   644 |   366 |   105 |       ||  2518
       Skin              |       |       |       |    17 |       |       |       |       |       ||    17
Dodge: Dodged            |    63 |    22 |   161 |   486 |  1084 |   784 |   219 |   354 |   401 ||  3574
Block: Kite shield       |       |    32 |   225 |   626 |  1787 |       |       |       |       ||  2670
       Tower shield      |       |       |       |       |     5 |  3553 |  1821 |  2149 |  1849 ||  9377
       Reflection        |       |       |       |       |       |       |   142 |    91 |    51 ||   284

Skill      XL: |  1  2  3  4  5  6  7  8  9 10 11 12 13 14 15 16 17 18 19 20 21 22 23 24 25 26 27 |
---------------+----------------------------------------------------------------------------------+-----
Fighting       | 3 4 5 6 9 10 11 15 | 15.7
Axes           | 4 5 6 11 12 13 16 | 16.3
Slings         | 1 2 3 4 5 6 8 |  8.0
Armour         | 6 10 12 13 15 16 18 20 | 20.0
Dodging        | 5 6 10 14 15 | 15.1
Shields        | 6 7 10 15 20 | 20.0
Evocations     | 2 5 10 12 | 12.0
Maces & Flails | 8 9 12 | 12.5
Spellcasting   | 6 9 10 | 10.0
Necromancy     | 2 10 11 15 | 15.0
Earth Magic    | 3 10 15 17 18 | 18.0
Translocations | 6 8 |  8.0
Stealth        | 3 10 15 | 15.0
Throwing       | 19 | 19.6

Inventory:

Hand Weapons
 a - a +6 vampiric war axe
 b - a +6 broad axe of electrocution
 w - the +8 war axe of Absolution (weapon) {antimagic, +Fly rF++ Int-3 Dex+2}
   (You found it on level 1 of the Depths)

   It reduces the magical energy of the wielder, and disrupts the spells and
   magical abilities of those hit.
   Natural abilities and divine invocations are not affected.
   It affects your intelligence (-3).
   It affects your dexterity (+2).
   It greatly protects you from fire.
   It lets you fly.
Missiles
 t - 92 silver javelins (quivered)
 y - 74 javelins
 Q - 21 throwing nets {!f}
Armour
 c - the +1 plate armour of a Labyrinth (worn) {rF+ rCorr Slay+6}
   (You took it off an orc on level 5 of the Vaults)

   It affects your accuracy and damage with ranged weapons and melee attacks
   (+6).
   It protects you from fire.
   It provides partial protection from all sources of acid and corrosion.
 j - a +2 pair of boots of running (worn)
 z - the +3 pair of boots "Ciydyrhe" {rElec rPois rF- rCorr}
   (You bought it in a shop on level 11 of the Dungeon)

   It makes you vulnerable to fire.
   It insulates you from electricity.
   It protects you from poison.
   It provides partial protection from all sources of acid and corrosion.
 J - a +2 pair of gloves of dexterity (worn)
 K - the +2 hood of the Assassin {Detection Stab+ Stlth++}
   (You found it on level 3 of the Elven Halls)

   It makes you much more stealthy.
 P - the +0 helmet of Plog (worn) {rN+ MR+ Slay+3}
   (You found it on level 1 of the Snake Pit)

   It affects your accuracy and damage with ranged weapons and melee attacks
   (+3).
   It protects you from negative energy.
   It affects your resistance to hostile enchantments.
 S - the +7 tower shield of the Unbroken (worn) {+Fly rC+ Dex-2 Stlth+}
   (You bought it in a shop on level 6 of the Dungeon)

   It affects your dexterity (-2).
   It protects you from cold.
   It lets you fly.
   It makes you more stealthy.
 V - a +2 cloak of magic resistance (worn)
 X - the +1 pair of boots "Oczauf" {rF++ Str-3}
   (You found it on level 2 of the Vaults)

   It affects your strength (-3).
   It greatly protects you from fire.
Jewellery
 s - the ring of the Commoners (right hand) {rF+ SInv}
   (You bought it in a shop on level 11 of the Dungeon)

   [ring of protection from fire]

   It protects you from fire.
   It lets you see invisible.
 v - a +4 ring of slaying (left hand)
 D - the amulet of Autumn (around neck) {Reflect rPois Str+10 Int-2 Dex+2 SH+5}
   (You found it in a treasure trove)

   [amulet of reflection]

   It shields you and reflects attacks.
   It affects your strength (+10).
   It affects your intelligence (-2).
   It affects your dexterity (+2).
   It protects you from poison.
   It affects your SH (+5).
 M - the ring of the Jolly Orbs {+Inv rPois Stlth+}
   (You found it in a treasure trove)

   [ring of stealth]

   It protects you from poison.
   It lets you turn invisible.
   It makes you more stealthy.
 Z - the ring "Ruuggikh" {+Fly rF+ Str-4 Int+2}
   (You found it in a treasure trove)

   [ring of protection from fire]

   It affects your strength (-4).
   It affects your intelligence (+2).
   It protects you from fire.
   It lets you fly.
Wands
 m - a wand of disintegration (28)
 u - a wand of enslavement (11)
 H - a wand of iceblast (27)
 I - a wand of acid (35)
 R - a wand of clouds (4)
 T - a wand of paralysis (20)
 Y - a wand of digging (12)
Scrolls
 e - 2 scrolls of fog
 g - 11 scrolls of blinking {@r2}
 k - 7 scrolls of fear
 q - 17 scrolls of teleportation {@r1}
 x - 17 scrolls of remove curse {@r4}
 A - 6 scrolls of identify {@r3}
 B - 2 scrolls of silence
 F - 2 scrolls of summoning
 L - 3 scrolls of holy word
Potions
 f - 12 potions of stabbing
 h - 2 potions of resistance
 i - 3 potions of cancellation
 n - 2 potions of flight
 o - 13 potions of curing {@q2}
 p - 2 potions of haste {@q4}
 C - 6 potions of heal wounds {@q1}
 G - 4 potions of might
 U - a potion of magic {god gift}
Miscellaneous
 d - 3 boxes of beasts
 l - a phial of floods
 r - 3 phantom mirrors
 N - a lightning rod (4/4)
 W - a tin of tremorstones (3/3)
Comestibles
 E - 62 rations

...# #.#.....2.......#.#.#
...# #.#.###########.#.#.#
...# #.#..#.......#..#.#.#
...# #.#.#.#######.#.#.#.#
...#####.#.##.......##.#.#.#
.........#.#.###'###.#.#.#.#
..########.#.#.....#.#.#...#
.#########.#.#.....#.#.###.#
.......'.'.#.+..@..+.#.'.'.#
.......###.#.#.....#.#.#####
......## #.#.#.....#.#.#
......# #.#.###'###.#.#
....### #.##.......##.#
....# #.#.#######.#.# ....#
#..#.......#..# ....#
#.###########.# ....#
#.............#


There were no monsters in sight!

Vanquished Creatures
  A pandemonium lord (D:9)
  3 orbs of fire
  9 ancient liches
  Mennas (Vaults:4)
  A juggernaut (Lair:3)
  3 Killer Klowns
  Vashnia (Snake:4)
  5 caustic shrikes (Depths:5)
  Saint Roka (Orc:2)
  8 golden dragons
  4 curse toes
  A bone dragon (Depths:5)
  A Tzitzimitl (D:10)
  4 electric golems
  6 liches
  An iron giant (Vaults:5)
  14 tentacled monstrosities
  An Ice Fiend (Zot:1)
  28 Orb Guardians
  3 deep elf blademasters
  8 quicksilver dragons
  2 krakens
  2 deep elf master archers (Elf:3)
  5 titans
  9 death cobs
  3 sphinxes
  5 draconian monks
  12 shadow dragons
  16 storm dragons
  5 tengu reavers
  The ghost of Moow Rit the Severer, a journeyman DDFi of Makhleb (Snake:4)
  16 frost giants
  11 fire giants
  7 deep elf sorcerers
  9 nagarajas
  8 draconian scorchers
  An iron dragon (Vaults:5)
  4 balrugs
  3 orc warlords
  Aizul (Vaults:2)
  A ghost moth (shapeshifter) (Vaults:5)
  6 ghost moths (Zot:4)
  5 draconian knights
  16 vault wardens
  6 deep elf elementalists
  2 draconian annihilators
  2 spriggan defenders (Depths:2)
  4 draconian shifters
  22 stone giants
  2 draconian stormcallers (Zot:2)
  3 war gargoyles
  16 ironheart preservers
  20 very ugly things
  3 vampire knights
  9 black draconians
  2 entropy weavers
  9 deep elf demonologists
  14 green draconians
  8 purple draconians
  2 spark wasps
  9 deep elf annihilators
  A lorocyproca (D:10)
  A minotaur (Depths:1)
  12 white draconians
  11 yellow draconians
  7 dire elephants
  9 red draconians
  An ettin (shapeshifter) (Depths:5)
  8 deep elf death magi
  6 merfolk javelineers (Shoals:4)
  Josephine (Orc:2)
  14 ettins
  10 fire dragons
  The ghost of MisterFreud the Cleaver, a journeyman FoAK of Lugonu (Lair:2)
  13 merfolk impalers
  5 deep elf high priests
  18 yaktaur captains
  Fannar (D:12)
  4 rakshasas
  26 vault guards
  12 great orbs of eyes
  Erolcha (D:11)
  Erica (D:13)
  5 hydras
  15 ice dragons
  13 naga warriors
  6 merfolk avatars
  2 catoblepae
  22 centaur warriors
  11 ogre magi
  9 anacondas
  3 alligator snapping turtles
  2 death knights
  34 two-headed ogres
  A queen ant (shapeshifter) (D:14)
  A death scarab (Gauntlet)
  11 death yaks
  11 deep troll shamans
  A queen ant (Gauntlet)
  9 deep troll earth magi
  20 dancing weapons
  A vampire mage (Depths:1)
  14 naga sharpshooters
  2 merfolk aquamancers (Shoals:4)
  5 tengu warriors
  6 spriggan berserkers
  7 shock serpents
  4 orc high priests
  20 deep elf knights
  7 hell knights (Depths:3)
  12 salamander mystics
  3 skeletal warriors (Depths:1)
  A glowing orange brain (shapeshifter) (Depths:3)
  4 sun demons
  2 shadow wraiths
  5 iron trolls
  3 small abominations (Vaults:5)
  4 unseen horrors
  8 naga ritualists
  2 wizards
  12 deep elf archers
  42 deep trolls
  6 sea snakes
  A lindwurm (Lair:6)
  2 glowing orange brains
  5 flayed ghosts
  17 ironbrand convokers
  18 harpies
  8 necromancers
  15 orc knights
  A harpy (shapeshifter) (D:15)
  7 phantasmal warriors
  A wolf spider zombie (D:14)
  51 deep elf magi
  An oklob plant (Lair:1)
  8 wolf spiders
  5 mana vipers
  10 orc sorcerers
  A manticore (shapeshifter) (Vaults:5)
  A shining eye (Vaults:1)
  32 ugly things
  13 fauns
  22 manticores
  A frost giant skeleton (Vaults:2)
  23 moths of wrath
  12 salamanders
  8 cyclopes
  10 water nymphs
  22 black mambas
  14 elephants
  18 vault sentinels
  A cyclops (shapeshifter) (Depths:5)
  A centaur zombie (D:14)
  2 guardian serpents (shapeshifter)
  A toenail golem (D:9)
  4 eyes of devastation (Depths:1)
  5 merfolk sirens
  12 naga magi
  A stone giant skeleton (Vaults:3)
  A rust devil (IceCv)
  2 smoke demons (Depths:4)
  2 spiny frogs (shapeshifter)
  7 guardian serpents
  16 spiny frogs
  A torpor snail (Lair:5)
  7 rime drakes
  A torpor snail (shapeshifter) (Elf:2)
  46 yaktaurs
  4 tengu conjurers
  A human skeleton (Vaults:2)
  A rime drake (shapeshifter) (Vaults:2)
  5 ice devils (IceCv)
  2 komodo dragons (shapeshifter)
  14 komodo dragons
  12 freezing wraiths
  A queen bee (Lair:5)
  10 trolls
  A meliai (shapeshifter) (Vaults:2)
  39 merfolk
  3 meliai (Lair:5)
  3 polar bears
  A queen bee (shapeshifter) (D:11)
  A hippogriff (shapeshifter) (Vaults:5)
  6 hornets
  5 large abominations
  9 blink frogs
  6 wind drakes
  15 slime creatures
  A tengu simulacrum (Vaults:3)
  A stone giant simulacrum (Vaults:2)
  12 snapping turtles
  7 dream sheep
  19 hippogriffs
  7 spriggans
  4 wraiths (Orc:2)
  Sigmund (D:3)
  2 fire giant simulacra (Vaults:2)
  4 redbacks
  3 air elementals (Elf:1)
  2 shadows (D:15)
  A wyvern (shapeshifter) (Depths:3)
  17 water elementals
  A hog (shapeshifter) (Depths:2)
  46 yaks
  10 wyverns
  3 basilisks
  A fire bat (D:10)
  A vampire (Depths:1)
  2 golden eyes (shapeshifter)
  3 golden eyes (Depths:1)
  A redback simulacrum (D:15)
  2 fire elementals
  A human (shapeshifter) (Vaults:4)
  A spectral komodo dragon (Gauntlet)
  2 steam dragons
  A steam dragon (shapeshifter) (Vaults:5)
  A human (D:13)
  Grum (D:9)
  3 vampire mosquitoes
  A hungry ghost (D:11)
  5 wargs
  5 acid dragons
  74 nagas
  An acid dragon (shapeshifter) (Vaults:3)
  2 floating eyes (shapeshifter)
  4 floating eyes
  7 water moccasins
  7 porcupines
  2 hell hounds (Lair:4)
  41 orc warriors
  A sky beast (shapeshifter) (Depths:3)
  2 black bears
  4 sky beasts
  2 eyes of draining
  3 boggarts (Depths:1)
  2 phantoms
  13 ice beasts
  A tengu (shapeshifter) (Vaults:5)
  A necrophage (D:11)
  15 wolves
  22 centaurs
  34 ogres
  A crocodile (shapeshifter) (Vaults:5)
  18 crocodiles
  5 elf zombies (Elf:1)
  2 human zombies
  12 bullfrogs
  An earth elemental (Elf:3)
  A gnoll sergeant (D:11)
  A glowing shapeshifter simulacrum (Vaults:1)
  3 scorpions
  A human simulacrum (Vaults:3)
  22 killer bees
  3 howler monkeys
  3 wights (D:13)
  5 electric eels
  9 hounds
  5 jellies
  3 quasits
  10 crimson imps
  2 draconian simulacra (IceCv)
  3 bullfrog zombies
  32 orc wizards
  2 bullfrog skeletons
  38 orc priests
  2 centaur skeletons (D:11)
  3 iguanas
  13 worker ants
  A spriggan simulacrum (IceCv)
  3 troll simulacra (IceCv)
  2 centaur simulacra
  A big kobold zombie (Ossuary)
  A hound zombie (D:5)
  8 mummies (Ossuary)
  Robin (D:3)
  A howler monkey zombie (D:8)
  A worker ant zombie (D:7)
  12 gnolls
  14 adders
  A howler monkey skeleton (D:4)
  A naga simulacrum (IceCv)
  2 ogre simulacra (IceCv)
  4 shadow imps
  An ooze (shapeshifter) (Vaults:5)
  4 ufetubi
  6 oozes
  6 adder skeletons
  4 worms
  6 leopard geckos
  102 orcs
  3 bats
  8 giant cockroaches
  2 gnoll zombies (Ossuary)
  18 goblins
  5 hobgoblins
  13 jackals
  9 quokkas
  A ball python (D:2)
  6 frilled lizards
  A jackal skeleton (D:4)
  10 kobolds
  4 kobold zombies (Ossuary)
  An orc zombie (Ossuary)
  A quokka zombie (D:6)
  6 rats
  5 crawling corpses (Vaults:5)
  19 plants
  5 tentacles
2379 creatures vanquished.

Vanquished Creatures (collateral kills)
  A tengu reaver (Vaults:5)
  The ghost of Ecerph the Fighter, a journeyman MiAK of Lugonu (Snake:1)
  2 stone giants
  2 very ugly things
  A deep elf elementalist (Vaults:5)
  A vampire knight (Depths:3)
  A deep elf demonologist (Elf:3)
  A merfolk javelineer (Depths:3)
  A yaktaur captain (Vaults:4)
  2 great orbs of eyes
  A fire dragon (Depths:4)
  A centaur warrior (Depths:3)
  4 two-headed ogres (Vaults:2)
  4 dancing weapons (Elf:2)
  2 deep troll earth magi
  2 spriggan berserkers
  A deep elf knight (Vaults:5)
  6 deep trolls
  3 deep elf magi (Elf:2)
  2 ugly things
  A salamander (Depths:4)
  A manticore (Shoals:3)
  A vault sentinel (Vaults:5)
  A water nymph (Shoals:2)
  2 black mambas
  3 merfolk (Shoals:2)
  2 slime creatures (Depths:3)
  A hippogriff (Lair:6)
  A water elemental (Depths:3)
  9 yaks
  2 vampire mosquitoes (D:14)
  4 soldier ants (Gauntlet)
  A water moccasin (Lair:6)
  An orc warrior (D:7)
  3 ice beasts
  A bullfrog (D:11)
  2 killer bees (Lair:5)
  A howler monkey (D:9)
  A bullfrog skeleton (D:7)
  A hound (D:7)
  An iguana (D:9)
  An orc wizard (D:11)
  An adder (D:7)
  An orc (D:7)
  2 fungi
84 creatures vanquished.

Vanquished Creatures (others)
  An orb of fire (Zot:5)
  A death cob (Zot:1)
  A fire giant (Depths:4)
  An ironheart preserver (Vaults:5)
  A spark wasp (Depths:4)
  An ettin (Vaults:5)
  A yaktaur captain (Depths:4)
  A merfolk aquamancer (Shoals:4)
  4 dancing weapons
  A deep troll shaman (Depths:4)
  A deep troll (Depths:4)
  2 wizards
  A moth of wrath (Zot:1)
  A naga mage (Snake:1)
  3 merfolk (Shoals:4)
  A dream sheep (Lair:5)
  An orc warrior (Vaults:2)
  An ogre (Vaults:2)
  A killer bee (Lair:5)
  2 wights (D:13)
  A howler monkey (D:6)
  A centaur zombie (D:6)
  An orc wizard (Vaults:1)
  A white imp (D:14)
  A kobold (D:1)
  20 fungi
  27 plants
  11 tentacles
  22 withered plants (Gauntlet)
112 creatures vanquished.

Grand Total: 2575 creatures vanquished

Levels and vault maps discovered:
D:1:      matt_arrival_los_fun, layout_basic, minmay_hexomino_f4
D:2:      cheibrodos_old_hovel, layout_loops_corners,
          gammafunk_temple_overflow_statue, minmay_randomly_rotated_circles
D:3:      layout_basic, marbit_many_paths, makhleb_altar_promises_db,
          elyvilon_altar_5, uniq_robin, uniq_sigmund
D:4:      layout_basic, chequers_temple_overflow_statue_of_worship,
          kennysheep_little_box, enter_ossuary_2, minmay_misc_feat_chi,
          minmay_shop_damaged
D:5:      layout_basic, minmay_temple_entry_purple_smoke, first_ration,
          serial_shops, shop, shop_statue, kennysheep_mini, grunt_gozag_statues
D:6:      minmay_diamond_boxcup, layout_rooms, serial_shops, nicolae_shop_stone,
          minmay_joined_circles
D:7:      layout_rooms, grunt_dithmenos_smoke_and_mirrors
D:8:      layout_loops_ring, nicolae_overflow_hidden_temple,
          hangedman_little_slice_of_home
D:9:      layout_basic, lemuel_crystal_altar, serial_shops,
          kennysheep_mini_moat, shop, shop, shop, shop, uniq_grum
D:10:     layout_basic, david_lair_generic, orc_0_dummy, enter_trove_2,
          serial_shops, shop_statue, lemuel_tele_altar
D:11:     minmay_sliced_demisemicircle, layout_loops_ring, serial_shops, shop,
          nicolae_shop_competitors_out_of_business, shop,
          nicolae_shop_waterfront, nicolae_shop_window_shopping, uniq_erolcha
D:12:     layout_layer_cave, serial_shops, shop, uniq_fannar
D:13:     layout_cave_pools, skrybe_vaults_entry_preservation
D:14:     layout_cross, serial_ice, serial_ice_e, serial_ice_k, serial_ice_d,
          serial_ice_c, portal_ice_cave_entry_ice_beasts, serial_bayou_pond_a,
          moated_statue, chequers_serial_rivers_micro_d, drop_trap,
          minmay_misc_feat_diagonals, minivault_25_ag, sword_in_stone
D:15:     hangedman_depths_entry_try_elsewhere_first, layout_loops_ring
Lair:1:   layout_regular_city, serial_bayou_shore_b, minmay_lair_oklob_chamber,
          infiniplex_staircase_pool
Lair:2:   layout_misc_corridors, ebering_ghost_reflecting_pool, nzn_random_ring
Lair:3:   layout_chaotic_city, minmay_shoals_entry_beasts, dummy_snake_entry,
          gauntlet_entry_generic, uniq_gastronok
Lair:4:   layout_gridlike, special_room [special_room_mythical_zoo],
          serial_bayou_shore_b
Lair:5:   layout_loops_ring, special_room [special_room_bee], grunt_megastairs_3
Lair:6:   due_jungle_book, layout_gridlike, slime_altar_1, lemuel_old_faithful,
          grunt_megastairs_4
Shoals:1: layout_shoals, gammafunk_ghost_split
Shoals:2: layout_shoals, nicolae_shoals_this_corrosion
Shoals:3: layout_shoals, minmay_shop_mayhem
Shoals:4: shoals_end_simple, layout_shoals, nicolae_shoals_circle_sea_wall
Snake:1:  nicolae_snake_nest, layout_cave_pods, gammafunk_ghost_split,
          serial_shops, shop_fountains, nicolae_shop_trees, grunt_ministairs_5
Snake:2:  layout_misc_corridors
Snake:3:  layout_basic, drop_trap
Snake:4:  johnstein_snake_rune_scales, layout_cave_town,
          ebering_ghost_reflecting_pool, drop_trap, uniq_vashnia
Orc:1:    layout_caves, serial_shops, nicolae_shop_waterfront
Orc:2:    st_orc_congregation, layout_diamond_mine, abandoned_shop,
          uniq_josephine, uniq_saint_roka
Elf:1:    eino_elf_arrival_the_gate, layout_geoelf_octagon, serial_shops,
          nicolae_shop_waterfront, shop, nicolae_shop_behind_doors, shop_statue,
          minmay_elf_necromancy
Elf:2:    layout_geoelf_diagonals, serial_shops,
          nicolae_shop_competitors_out_of_business, small_statue_intersection,
          minmay_shop_grove, lemuel_elevator
Elf:3:    elf_hall, layout_gridlike, serial_shops, shop, minivault_27,
          nicolae_twisting_strands, nicolae_elf_m_pinch, uniq_roxanne
Vaults:1: v_misc_1, vaults_mumra_chevron_long, grunt_vaults_funnel,
          vaults_mumra_minichess, v_misc_31, v_alt_pattern_1,
          hangedman_vaults_stream, v_alt_pattern_2, vaults_room_pool,
          st_more_cells, nicolae_vaults_little_squares_1, vaults_room_pools,
          nicolae_vaults_asterisk, nicolae_vaults_little_squares_6,
          layout_vaults_omnicross
Vaults:2: v_pattern_4, ontoclasm_vaults_eye, v_misc_29, v_alt_pattern_2,
          ontoclasm_vaults_twist, nicolae_vaults_hallways_thing,
          ontoclasm_vaults_gateway, hangedman_vaults_stretched_pinwheel,
          serial_ice_m, nicolae_vaults_network_s, nicolae_vaults_network_square,
          layout_vaults_omnibox, serial_shops, uniq_aizul
Vaults:3: ontoclasm_vaults_misaligned, ontoclasm_vaults_chip,
          hangedman_vaults_stretched_pinwheel, vaults_room_hangedman_quadrants,
          nicolae_vaults_three_branches, nicolae_vaults_little_squares_2,
          v_misc_17, v_pattern_2, layout_vaults_quadrants, dummy_crypt_entry
Vaults:4: v_misc_26, v_misc_10, vaults_dpeg_cross, hangedman_vaults_stagger,
          v_alt_pattern_1, hangedman_vaults_slice, vaults_room_corners,
          vaults_room_pools, layout_vaults_chaotic_city
Vaults:5: serial_shops, uniq_mennas
Depths:1: hangedman_six_sided_sadism, layout_gridlike, hangedman_geh_valley,
          serial_sigils_hangedman_clutch, hangedman_eye_storm
Depths:2: kennysheep_windowed_halls, layout_gridlike, hangedman_decor_lopped,
          hell_entry, abyss_entry, minmay_staircase_statues, minmay_shop_star,
          serial_bayou_shore_b
Depths:3: minmay_thinvault, layout_cave_pools, nrook_pool_corridor, hell_entry,
          grunt_pan_entry_zigzag, minmay_misc_feat_enclosed, drop_trap,
          serial_bayou_shore_a, firewood_loft, minmay_staircase_bubble
Depths:4: cheibrodos_quadrivalence, layout_cave_pools, serial_shops,
          nicolae_shop_trees, abyss_entry_small_statue_room, hell_entry
Depths:5: grunt_zot_entry_tricorne, layout_gridville, enter_ziggurat_f,
          lightli_too_deep
Zot:1:    layout_misc_corridors, lemuel_flame_loot_1
Zot:2:    layout_basic, lemuel_elevator
Zot:3:    layout_misc_corridors
Zot:4:    hangedman_zot_vaults_quadrants, layout_concentric_octagons
Zot:5:    layout_misc_corridors, skrybe_zot_glass_2


Message History

You block the lorocyproca's attack. The Hell Sentinel gestures at you.
The iron shot reflects off an invisible shield around you!
The iron shot hits the Hell Sentinel!!
As you read the scroll of fog, it crumbles to dust.
The scroll dissolves into smoke.
The lorocyproca misses you. 2 red devils, a balrug and a sun demon come into view.
The balrug is wielding a +2 antimagic demon whip.
A red devil is wielding a +1 antimagic demon trident.
You block the lorocyproca's attack.
The balrug moves out of view.
The red devil moves out of view. x2; The sun demon moves out of view.
You feel yourself speed up. You block the lorocyproca's attack.
You block the lorocyproca's attack.
A ynoxinul comes into view.
An Orb Guardian comes into view.
There is an open door here.
There is an open door here.
You open the door.
There is an open door here.
There is a staircase leading out of the dungeon here.
You have escaped!

Notes
Turn   | Place    | Note
-------+----------+-------------------------------------------
     0 | D:1      | bmfx the Deep Dwarf Chaos Knight began the quest for the
                  | Orb.
     0 | D:1      | Reached XP level 1. HP: 20/20 MP: 1/1
    58 | D:1      | You fall into a shaft and drop 1 floor!
    70 | D:2      | XOM: butterfly on damage
   216 | D:1      | XOM: divination: magic mapping
   226 | D:1      | XOM: divination: detect items
   283 | D:1      | XOM: give mutations
   283 | D:1      | Gained mutation: Your magical capacity is low. (-10% MP)
                  | [Xom's mischief]
   283 | D:1      | Lost mutation: Your magical capacity is low. (-10% MP)
                  | [Xom's mischief]
   283 | D:1      | Gained mutation: Armour fits poorly on your strangely
                  | shaped body. [Xom's mischief]
   306 | D:1      | XOM: scenery: create altars
   308 | D:1      | Reached XP level 2. HP: 16/28 MP: 2/2
   887 | D:2      | Found a radiant altar of Vehumet.
   888 | D:2      | Found a shimmering blue altar of Sif Muna.
  1125 | D:2      | Reached XP level 3. HP: 33/34 MP: 3/3
  1329 | D:2      | XOM: give mutations
  1329 | D:2      | Gained mutation: You are dopey. (Int -2) [Xom's mischief]
  1329 | D:2      | Gained mutation: You are very dopey. (Int -4) [Xom's
                  | mischief]
  1329 | D:2      | Gained mutation: Your magical capacity is low. (-10% MP)
                  | [Xom's mischief]
  1546 | D:2      | XOM: torment (22/34 hp)
  1831 | D:3      | XOM: 1-stop teleportation journey
  1834 | D:3      | Reached skill level 1 in Slings
  1866 | D:3      | Found a white marble altar of Elyvilon.
  1879 | D:3      | Found a burning altar of Makhleb.
  1882 | D:3      | Noticed a blizzard demon
  1909 | D:3      | Noticed Sigmund
  1949 | D:2      | Reached XP level 4. HP: 21/42 MP: 3/3
  2117 | D:3      | Found a hazy altar of Hepliaklqana.
  2154 | D:3      | Noticed Robin
  2154 | D:3      | XOM: enchant monster (bad)
  2190 | D:3      | Killed Robin
  2399 | D:3      | XOM: noise
  2532 | D:3      | Reached XP level 5. HP: 30/50 MP: 4/4
  2763 | D:4      | Found a shimmering altar of Xom.
  2779 | D:3      | XOM: chaos upgrade
  2794 | D:3      | XOM: smoke on damage
  2810 | D:3      | Reached skill level 5 in Axes
  2980 | D:4      | Found a sand-covered staircase.
  2985 | Ossuary  | Entered an ossuary
  3037 | Ossuary  | Reached XP level 6. HP: 22/57 MP: 5/5
  3438 | D:4      | Found Izxe's Lightly-Used Armoury.
  3449 | D:4      | Bought a -3 executioner's axe for 1 gold piece
  3487 | D:4      | XOM: stat loss: -1 Int (8/9)
  3599 | D:4      | Found a sparkling altar of Nemelex Xobeh.
  3806 | D:4      | Reached skill level 5 in Fighting
  3806 | D:4      | Reached XP level 7. HP: 51/67 MP: 5/5
  3875 | D:4      | You fall into a shaft and drop 2 floors!
  3892 | D:6      | XOM: 1-stop teleportation journey
  3895 | D:6      | XOM: confuse monster(s)
  3905 | D:5      | Entered Level 5 of the Dungeon
  4032 | D:4      | XOM: noise
  4079 | D:4      | XOM: silly message
  4228 | D:4      | Found an opulent altar of Gozag.
  4320 | D:4      | XOM: silly message
  4508 | D:4      | XOM: noise
  4540 | D:4      | XOM: polymorph sky beast -> ice beast
  4558 | D:3      | XOM: 1-stop teleportation journey
  4720 | D:5      | Found a staircase to the Ecumenical Temple.
  5094 | D:5      | Found Nugy's Assorted Antiques.
  5138 | D:5      | Found Wiargh's Distillery.
  5141 | D:5      | Bought a potion of berserk rage for 50 gold pieces
  5141 | D:5      | Bought a potion of haste for 100 gold pieces
  5141 | D:5      | Bought a potion of heal wounds for 50 gold pieces
  5193 | D:5      | XOM: give mutation
  5193 | D:5      | Lost mutation: You are very dopey. (Int -4) [Xom's
                  | mischief]
  5227 | D:5      | Found an opulent altar of Gozag.
  5264 | D:5      | Reached skill level 5 in Slings
  5435 | D:5      | Reached XP level 8. HP: 39/76 MP: 6/6
  5869 | D:5      | XOM: fog
  5872 | D:4      | XOM: cleaving
  5876 | D:4      | XOM: enchant monster (bad)
  5944 | D:5      | Found Gisai's Food Shoppe.
  6364 | D:5      | XOM: enchant monster (bad)
  6378 | D:6      | XOM: scenery: create altars
  6521 | D:6      | XOM: cleaving
  6539 | D:6      | XOM: divination: detect items
  6549 | D:6      | XOM: chaos cloud
  6624 | D:6      | XOM: stat loss: -1 Int (11/12)
  6629 | D:6      | Reached skill level 5 in Armour
  6880 | D:6      | XOM: enchant monster (good)
  6991 | D:6      | XOM: swap monsters
  7076 | D:6      | XOM: noise
  7121 | D:6      | Found Aqump's Armour Shop.
  7137 | D:6      | Bought a +0 pair of gloves for 67 gold pieces
  7202 | D:6      | XOM: blink monster(s)
  7312 | D:6      | XOM: divine lightning
  7333 | D:6      | XOM: divination: detect creatures
  7336 | D:6      | XOM: cleaving
  7343 | D:6      | XOM: polymorph crimson imp -> shadow imp
  7357 | D:6      | XOM: fog
  7385 | D:6      | Reached skill level 5 in Dodging
  7395 | D:6      | XOM: potion effect (curing)
  7479 | D:6      | Gained mutation: You passively map the area around you.
                  | [Deep Dwarf growth]
  7479 | D:6      | Reached XP level 9. HP: 53/82 MP: 6/6
  7547 | D:6      | XOM: silly message
  7615 | D:6      | Reached skill level 1 in Shields
  7709 | D:7      | XOM: cloud trail
  7728 | D:7      | XOM: divination: magic mapping
  7745 | D:7      | XOM: summons friendly soul eater
  7882 | D:7      | Found a shadowy altar of Dithmenos.
  7930 | D:7      | XOM: god gift: ration {god gift}
  8032 | D:7      | XOM: god gift: bronze wand {god gift}
  8038 | D:7      | XOM: 5-stop teleportation journey
  8321 | D:8      | XOM: destruction
  8326 | D:8      | Reached skill level 5 in Shields
  8353 | D:8      | XOM: polymorph gnoll sergeant -> killer bee
  8358 | D:8      | XOM: summons 3 friendly demons
  8472 | D:8      | Found a snail-covered altar of Cheibriados.
  8586 | D:8      | Noticed a two-headed ogre
  8897 | D:8      | Killed a two-headed ogre
  9001 | D:8      | XOM: enchant monster (good)
  9128 | D:8      | XOM: god gift: 19 stones {god gift}
  9181 | D:8      | XOM: 3-stop teleportation journey
  9284 | D:8      | Reached skill level 1 in Evocations
  9448 | D:8      | Reached XP level 10. HP: 50/92 MP: 8/8
  9625 | D:8      | XOM: cast spell 'Cause Fear'
  9949 | D:9      | Noticed Grum
 10065 | D:9      | Killed Grum
 10105 | D:9      | Found Vitrot's Antique Weapon Boutique.
 10117 | D:9      | Reached skill level 5 in Evocations
 10143 | D:9      | XOM: noise
 10161 | D:9      | XOM: give mutation
 10161 | D:9      | Gained mutation: You are frail. (-10% HP) [Xom's mischief]
 10161 | D:9      | XOM: smoke on damage
 10466 | D:9      | XOM: divination: magic mapping
 10487 | D:9      | Found Dibamih's Weapon Boutique.
 10522 | D:9      | Found Vehithru's Antique Armour Boutique.
 10525 | D:9      | Bought a steaming chain mail for 228 gold pieces
 10535 | D:9      | Identified the +0 chain mail of Rioclagu {+Blink rF+ Str+3}
                  | (You bought it in a shop on level 9 of the Dungeon)
 10546 | D:9      | Found Guduur's Magic Scroll Shoppe.
 10640 | D:9      | Found a glowing golden altar of the Shining One.
 10732 | D:9      | XOM: cast spell 'Monstrous Menagerie'
 10859 | D:9      | Found Viofu's Distillery.
 10871 | D:9      | XOM: give mutation
 10871 | D:9      | Lost mutation: You are frail. (-10% HP) [Xom's grace]
 11040 | D:9      | XOM: scenery: create altars
 11381 | D:9      | XOM: give mutations
 11381 | D:9      | Gained mutation: Scrolls take you a little longer to read.
                  | [Xom's mischief]
 11381 | D:9      | Gained mutation: Scrolls take you longer to read. [Xom's
                  | mischief]
 11381 | D:9      | Gained mutation: You are frail. (-10% HP) [Xom's mischief]
 11455 | D:10     | XOM: stealth player
 11455 | D:10     | Entered Level 10 of the Dungeon
 11515 | D:10     | Found a shattered altar of Ashenzari.
 11569 | D:10     | Found a staircase to the Orcish Mines.
 11658 | D:10     | XOM: divination: magic mapping
 11694 | D:10     | XOM: smoke on damage
 11810 | D:10     | XOM: noise
 11826 | D:10     | XOM: polymorph basilisk -> fire bat
 11837 | D:10     | XOM: enchant monster (good)
 12026 | D:10     | Found Jihaqeafic's Gadget Shop.
 12070 | D:10     | Bought a wand of flame (18) for 140 gold pieces
 12155 | D:10     | Found a staircase to the Lair.
 12185 | D:10     | XOM: enchant monster (bad)
 12298 | D:10     | XOM: summons friendly quasit
 12314 | D:10     | XOM: summons 3 friendly demons
 12317 | D:10     | Reached skill level 10 in Axes
 12374 | D:10     | XOM: god gift: 26 gold pieces {god gift}
 12455 | D:10     | Found a portal to a secret trove of treasure.
 12560 | D:10     | XOM: divination: detect creatures
 12569 | D:10     | XOM: god gift: scroll labeled XOBOETT VEUMOANIE {god gift}
 12616 | D:11     | Found Zyohyc's Assorted Antiques.
 12630 | D:11     | Noticed Erolcha
 12638 | D:11     | XOM: divination: detect creatures
 12643 | D:11     | Killed Erolcha
 12649 | D:11     | Found Obac Micw's Antique Weapon Boutique.
 12722 | D:11     | Noticed a purple ugly thing
 12735 | D:11     | XOM: summons 1 hostile demon
 12741 | D:11     | Killed a purple ugly thing
 12741 | D:11     | Reached XP level 11. HP: 89/89 MP: 10/10
 12744 | D:11     | XOM: god gift: 15 arrows {god gift}
 12879 | D:11     | Noticed a two-headed ogre
 12892 | D:11     | Killed a two-headed ogre
 12947 | D:11     | XOM: cloud trail
 13120 | D:11     | Found Filougirgh's Weapon Boutique.
 13123 | D:11     | Bought the +0 morningstar of the Boiling Point {vamp, rPois
                  | rC- SInv} for 346 gold pieces
 13133 | D:11     | Found Ocuas's Jewellery Emporium.
 13145 | D:11     | XOM: enchant monster (good)
 13232 | D:11     | Noticed a red ugly thing
 13241 | D:11     | XOM: divine lightning
 13246 | D:11     | Killed a green ugly thing
 13247 | D:11     | XOM: give mutations
 13247 | D:11     | Lost mutation: You are frail. (-10% HP) [Xom's grace]
 13247 | D:11     | Gained mutation: You are partially covered in icy blue
                  | scales. (AC +2) [Xom's grace]
 13263 | D:11     | Found Pokoec's Food Emporium.
 13277 | D:11     | Reached skill level 1 in Maces & Flails
 13284 | D:11     | XOM: give mutation
 13284 | D:11     | Gained mutation: You are agile. (Dex +2) [Xom's grace]
 13519 | D:11     | XOM: scenery: create altars
 13729 | D:11     | Noticed an orc knight
 13729 | D:11     | Noticed an ogre mage
 13844 | Lair:1   | Entered Level 1 of the Lair of Beasts
 13847 | Lair:1   | XOM: summons friendly crimson imp
 13978 | Lair:1   | XOM: scenery: create altars
 14018 | Lair:1   | Noticed a glowing shapeshifter
 14018 | Lair:1   | a crocodile changed into a glowing shapeshifter
 14018 | Lair:1   | XOM: polymorph crocodile -> glowing shapeshifter
 14018 | Lair:1   | a glowing shapeshifter changed into a snapping turtle
 14025 | Lair:1   | Noticed a glowing orange brain
 14025 | Lair:1   | a dream sheep changed into a glowing orange brain
 14029 | Lair:1   | a glowing orange brain changed into a floating eye
 14165 | Lair:1   | XOM: divination: detect creatures
 14213 | Lair:1   | XOM: confuse monster(s)
 14216 | Lair:1   | XOM: summons friendly iron imp
 14226 | Lair:1   | Reached skill level 5 in Maces & Flails
 14341 | Lair:1   | Noticed an oklob plant
 14352 | Lair:1   | XOM: polymorph iron imp -> quasit
 14706 | Lair:2   | XOM: noise
 14711 | Lair:2   | XOM: confusion (+ monsters)
 14716 | Lair:2   | XOM: swap monsters
 14758 | Lair:2   | XOM: torment (45/99 hp)
 14760 | Lair:2   | XOM: silly message
 14825 | Lair:2   | Found a runed translucent door.
 14856 | Lair:2   | XOM: confusion
 14917 | Lair:2   | XOM: potion effect (haste)
 14927 | Lair:2   | XOM: potion effect (stabbing)
 14964 | Lair:2   | XOM: silly message
 14967 | Lair:2   | XOM: smoke on damage
 15008 | Lair:2   | XOM: confuse monster(s)
 15024 | Lair:2   | XOM: 4-stop teleportation journey
 15047 | Lair:2   | XOM: silly message
 15066 | Lair:2   | Noticed MisterFreud's ghost (journeyman FoAK)
 15134 | Lair:2   | Reached XP level 12. HP: 103/106 MP: 10/10
 15142 | Lair:2   | XOM: cast spell 'Summon Small Mammal'
 15170 | Lair:2   | XOM: confuse monster(s)
 15173 | Lair:2   | XOM: enchant monster (good)
 15179 | Lair:2   | XOM: scenery: create altars
 15338 | Lair:2   | XOM: potion effect (curing)
 15506 | Lair:2   | XOM: fake destruction
 15604 | Lair:2   | Noticed a catoblepas
 15694 | Lair:3   | Found a gate leading to a gauntlet.
 15708 | Lair:2   | XOM: repel stairs
 15757 | Lair:3   | Found a staircase to the Snake Pit.
 15759 | Gauntlet | Entered a Gauntlet
 15759 | Gauntlet | Found a large runed translucent door.
 15759 | Gauntlet | Found a large runed translucent door.
 15759 | Gauntlet | Found a large runed translucent door.
 15759 | Gauntlet | Found a large runed translucent door.
 15759 | Gauntlet | Found a large runed translucent door.
 15759 | Gauntlet | Found a large runed translucent door.
 15759 | Gauntlet | Found a runed translucent door.
 15759 | Gauntlet | Found a transporter.
 15759 | Gauntlet | Found a transporter.
 15759 | Gauntlet | Found a runed translucent door.
 15759 | Gauntlet | Found a large runed translucent door.
 15759 | Gauntlet | Found a large runed translucent door.
 15759 | Gauntlet | Found a large runed translucent door.
 15759 | Gauntlet | Found a large runed translucent door.
 15759 | Gauntlet | Found a large runed translucent door.
 15759 | Gauntlet | Found a large runed translucent door.
 15763 | Gauntlet | Found a transporter.
 15763 | Gauntlet | Found a transporter.
 15773 | Gauntlet | Found a transporter.
 15782 | Gauntlet | Noticed a reaper
 15783 | Gauntlet | Found a transporter.
 15783 | Gauntlet | Found a transporter.
 15783 | Gauntlet | Noticed a catoblepas
 15807 | Gauntlet | Found a transporter.
 15808 | Gauntlet | Noticed a death scarab
 15814 | Gauntlet | Found a transporter.
 15826 | Gauntlet | Found a transporter.
 15845 | Gauntlet | Found a large runed translucent door.
 15846 | Gauntlet | Found a large runed translucent door.
 15848 | Gauntlet | Found a runed translucent gate.
 15849 | Gauntlet | Found a runed translucent gate.
 15849 | Gauntlet | Noticed a queen ant
 15850 | Gauntlet | Found a transporter.
 15850 | Gauntlet | Found a runed translucent gate.
 15855 | Gauntlet | XOM: give mutation
 15855 | Gauntlet | Gained mutation: You possess an exceptional clarity of
                  | mind. [Xom's grace]
 15866 | Gauntlet | Found a transporter.
 15907 | Gauntlet | Found a transporter.
 15921 | Gauntlet | Found a transporter.
 16004 | Gauntlet | Found a large runed translucent door.
 16004 | Gauntlet | Found a large runed translucent door.
 16023 | Gauntlet | Found a transporter.
 16041 | Gauntlet | Found a transporter.
 16043 | Gauntlet | Noticed a tengu warrior
 16136 | Gauntlet | XOM: scenery: 16 doors open, 5 doors close
 16141 | Gauntlet | XOM: summons friendly shadow imp
 16145 | Gauntlet | XOM: cleaving
 16157 | Gauntlet | XOM: cast spell 'Summon Hydra'
 16165 | Gauntlet | Killed a queen ant
 16215 | Gauntlet | Killed a death scarab
 16215 | Gauntlet | Reached skill level 10 in Evocations
 16294 | Gauntlet | Noticed a minotaur
 16310 | Gauntlet | Identified Sif Muna's Collected Works on Contamination and
                  | Malediction
 16437 | Lair:3   | XOM: cleaving
 16624 | Lair:3   | XOM: cleaving
 16627 | Lair:3   | XOM: fog
 16665 | Lair:3   | Noticed Gastronok
 16675 | Lair:3   | XOM: fake destruction
 16761 | Lair:3   | XOM: scenery: create altars
 16797 | Lair:3   | XOM: confuse monster(s)
 16799 | Lair:3   | XOM: noise
 16814 | Lair:3   | XOM: confuse monster(s)
 16821 | Lair:3   | XOM: noise
 16832 | Lair:3   | XOM: summons 7 hostile demons
 16947 | Lair:2   | Killed a catoblepas
 17312 | Lair:3   | XOM: give mutations
 17312 | Lair:3   | Gained mutation: You are very dopey. (Int -4) [Xom's
                  | mischief]
 17312 | Lair:3   | Lost mutation: You are very dopey. (Int -4) [Xom's
                  | mischief]
 17330 | Lair:3   | Noticed Gastronok
 17330 | Lair:3   | Gastronok changed into Gastronok the juggernaut
 17330 | Lair:3   | XOM: polymorph Gastronok -> Gastronok the juggernaut
 17337 | Lair:3   | XOM: destruction
 17374 | Lair:4   | Learned a level 2 spell: Blink
 17575 | Lair:4   | Reached XP level 13. HP: 111/121 MP: 14/14
 17595 | Lair:4   | XOM: 1-stop teleportation journey
 17742 | Lair:4   | XOM: cast spell 'Summon Mana Viper'
 17773 | Lair:4   | XOM: 1-stop teleportation journey
 18002 | Lair:4   | XOM: 1-stop teleportation journey
 18024 | Lair:3   | Reached skill level 10 in Fighting
 18083 | Lair:4   | XOM: summons 1 hostile demon
 18084 | Lair:4   | XOM: polymorph white imp -> quasit
 18087 | Lair:4   | XOM: enchant monster (bad)
 18102 | Lair:4   | XOM: polymorph quasit -> crimson imp
 18126 | Lair:4   | XOM: silly message
 18195 | Lair:4   | XOM: god gift: knobbly smoking staff {god gift}
 18254 | Lair:4   | XOM: summons 1 hostile shadow creature
 18537 | D:11     | Bought a pair of shimmering boots for 237 gold pieces
 18549 | D:11     | Identified the +3 pair of boots "Ciydyrhe" {rElec rPois rF-
                  | rCorr} (You bought it in a shop on level 11 of the Dungeon)
 18692 | D:5      | Bought a scroll labeled XYQ VAOT TIYSS for 20 gold pieces
 18692 | D:5      | Bought an iron wand for 80 gold pieces
 19278 | Lair:5   | XOM: destruction
 19304 | Lair:5   | Reached skill level 10 in Armour
 19304 | Lair:5   | Reached skill level 10 in Maces & Flails
 19357 | Lair:5   | XOM: 4-stop teleportation journey
 19396 | Lair:5   | XOM: snakes to sticks
 19456 | Lair:5   | XOM: fog
 19482 | Lair:5   | XOM: potion effect (haste)
 19618 | Lair:5   | XOM: blink monster(s)
 19647 | Lair:5   | XOM: noise
 20018 | Lair:5   | XOM: enchant monster (good)
 20177 | Lair:6   | Entered Level 6 of the Lair of Beasts
 20210 | Lair:6   | XOM: fog
 20211 | Lair:6   | XOM: destruction
 20247 | Lair:6   | XOM: confuse monster(s)
 20366 | Lair:6   | XOM: swap monsters
 20499 | Lair:6   | Found a staircase to the Slime Pits.
 20526 | Lair:6   | Found a viscous altar of Jiyva.
 20617 | Lair:6   | XOM: draining
 20623 | Lair:6   | XOM: potion effect (berserk rage)
 20624 | Lair:6   | XOM: confuse monster(s)
 20918 | Lair:5   | XOM: polymorph death yak -> iron troll
 20930 | Lair:5   | Gained mutation: You resist negative energy. (rN+) [Deep
                  | Dwarf growth]
 20930 | Lair:5   | Reached XP level 14. HP: 87/132 MP: 15/15
 21287 | Lair:6   | XOM: confuse monster(s)
 21461 | Lair:6   | Found a staircase to the Slime Pits.
 21462 | Lair:6   | Found a viscous altar of Jiyva.
 21470 | Lair:6   | XOM: noise
 21475 | Lair:6   | XOM: fake destruction
 21495 | Lair:6   | XOM: blink monster(s)
 21506 | Lair:6   | XOM: summons 10 friendly demons
 21515 | Lair:6   | XOM: cast spell 'Necromutation'
 21527 | Lair:6   | XOM: god gift: long sword {god gift}
 21720 | Lair:6   | XOM: give mutations
 21720 | Lair:6   | Gained mutation: You occasionally shout uncontrollably at
                  | your foes. [Xom's mischief]
 21720 | Lair:6   | Lost mutation: You are dopey. (Int -2) [Xom's mischief]
 21720 | Lair:6   | Gained mutation: Your body sometimes deteriorates upon
                  | taking damage. [Xom's mischief]
 22068 | Lair:6   | XOM: stat loss: -1 Dex (13/14)
 22076 | Lair:6   | XOM: divination: magic mapping
 22272 | Lair:3   | XOM: give mutations
 22272 | Lair:3   | Gained mutation: You have sharp fingernails. [Xom's grace]
 22272 | Lair:3   | Gained mutation: You are somewhat resistant to further
                  | mutation. [Xom's grace]
 22421 | D:4      | XOM: noise
 22451 | D:3      | Found a white marble altar of Elyvilon.
 22486 | D:3      | Found a hazy altar of Hepliaklqana.
 22531 | D:3      | XOM: give mutation
 22531 | D:3      | Lost mutation: Your body sometimes deteriorates upon taking
                  | damage. [Xom's mischief]
 22533 | D:3      | Found a burning altar of Makhleb.
 22533 | D:3      | XOM: give mutation
 22533 | D:3      | Lost mutation: Scrolls take you longer to read. [Xom's
                  | mischief]
 22533 | D:3      | Lost mutation: Scrolls take you a little longer to read.
                  | [Xom's mischief]
 22533 | D:3      | Gained mutation: You have supernaturally acute eyesight.
                  | (SInv) [Xom's mischief]
 22711 | D:3      | Killed Sigmund
 23144 | D:9      | XOM: god gift: book of Unlife {god gift}
 23154 | D:10     | XOM: scenery: create altars
 23157 | D:10     | Learned a level 1 spell: Apportation
 23163 | D:10     | Learned a level 5 spell: Borgnjor's Vile Clutch
 23250 | D:11     | XOM: give mutations
 23250 | D:11     | Lost mutation: Your magical capacity is low. (-10% MP)
                  | [Xom's mischief]
 23250 | D:11     | Gained mutation: You are frail. (-10% HP) [Xom's mischief]
 23250 | D:11     | Lost mutation: You occasionally shout uncontrollably at
                  | your foes. [Xom's mischief]
 23285 | D:11     | XOM: summons 7 hostile demons
 23330 | D:11     | XOM: swap monsters
 23340 | D:11     | XOM: polymorph slime creature -> shapeshifter
 23352 | D:11     | XOM: give mutations
 23352 | D:11     | Lost mutation: You are partially covered in icy blue
                  | scales. (AC +2) [Xom's mischief]
 23352 | D:11     | Gained mutation: Your body sometimes deteriorates upon
                  | taking damage. [Xom's mischief]
 23352 | D:11     | Lost mutation: You are agile. (Dex +2) [Xom's mischief]
 23352 | D:11     | Lost mutation: You are frail. (-10% HP) [Xom's mischief]
 23356 | D:11     | Noticed a storm dragon
 23484 | D:12     | Found Limaympa's Gadget Boutique.
 23594 | D:12     | Noticed Fannar
 23640 | D:12     | XOM: cloud trail
 23895 | D:12     | XOM: god gift: 20 arrows {god gift}
 24040 | D:12     | XOM: 2-stop teleportation journey
 24203 | D:12     | XOM: summons 6 friendly demons
 24216 | D:12     | Reached skill level 10 in Dodging
 24503 | D:12     | Killed Fannar
 24503 | D:12     | Reached skill level 1 in Spellcasting
 24543 | D:12     | XOM: noise
 25043 | D:13     | XOM: destruction
 25128 | D:13     | XOM: noise
 25130 | D:13     | XOM: polymorph soldier ant -> human
 25136 | D:13     | Noticed an ironheart preserver
 25148 | D:13     | XOM: chaos upgrade
 25174 | D:13     | Killed an ironheart preserver
 25240 | D:13     | Found a gate to the Vaults.
 25250 | D:13     | XOM: fog
 25252 | D:13     | XOM: 2-stop teleportation journey
 25283 | D:13     | XOM: cast spell 'Summon Small Mammal'
 25604 | D:14     | XOM: summons 8 friendly demons
 25612 | D:14     | XOM: noise
 25625 | D:14     | XOM: cleaving
 25639 | D:14     | Reached skill level 5 in Spellcasting
 25679 | D:14     | Found a frozen archway.
 25689 | D:14     | XOM: fog
 25690 | D:14     | XOM: repel stairs
 25715 | IceCv    | Entered an ice cave
 25725 | IceCv    | XOM: 2-stop teleportation journey
 25728 | IceCv    | XOM: give mutations
 25728 | IceCv    | Gained mutation: Your system is resistant to poisons.
                  | (rPois) [Xom's mischief]
 25728 | IceCv    | Gained mutation: You are resistant to hostile enchantments.
                  | (MR+) [Xom's mischief]
 25728 | IceCv    | Lost mutation: Armour fits poorly on your strangely shaped
                  | body. [Xom's mischief]
 25728 | IceCv    | Lost mutation: You are resistant to hostile enchantments.
                  | (MR+) [Xom's mischief]
 25760 | IceCv    | XOM: destruction
 25761 | IceCv    | XOM: polymorph ice devil -> rust devil
 25762 | IceCv    | XOM: 1-stop teleportation journey
 25845 | IceCv    | XOM: 4-stop teleportation journey
 25926 | IceCv    | XOM: give mutations
 25926 | IceCv    | Lost mutation: You are somewhat resistant to further
                  | mutation. [Xom's mischief]
 25926 | IceCv    | Lost mutation: Your body sometimes deteriorates upon taking
                  | damage. [Xom's mischief]
 25926 | IceCv    | Lost mutation: You possess an exceptional clarity of mind.
                  | [Xom's mischief]
 25926 | IceCv    | Gained mutation: You are partially covered in yellow
                  | scales. (AC +2) [Xom's mischief]
 25940 | IceCv    | XOM: 1-stop teleportation journey
 25963 | IceCv    | XOM: summons 2 friendly demons
 25998 | IceCv    | XOM: polymorph crimson imp -> quasit
 26036 | IceCv    | Found the +0 sword of Power
 26050 | IceCv    | Got a pitted rapier
 26051 | IceCv    | Identified the +4 rapier "Zuocas" {vamp, rElec MR+} (You
                  | found it in an ice cave)
 26259 | D:14     | Reached skill level 1 in Necromancy
 26259 | D:14     | Reached skill level 1 in Earth Magic
 26277 | D:14     | XOM: cloud trail
 26531 | D:14     | XOM: scenery: create altars
 26560 | D:14     | XOM: silly message
 26763 | D:14     | XOM: confuse monster(s)
 26815 | D:14     | XOM: give mutation
 26815 | D:14     | Gained mutation: You are resistant to hostile enchantments.
                  | (MR+) [Xom's grace]
 26820 | D:14     | Noticed Erica
 26849 | D:14     | XOM: divination: detect items
 26854 | D:14     | XOM: enchant monster (good)
 26921 | D:13     | XOM: enchant monster (bad)
 26926 | D:13     | Killed Erica
 26926 | D:13     | Reached XP level 15. HP: 138/138 MP: 19/19
 27062 | D:14     | XOM: summons friendly quasit
 27177 | D:14     | XOM: fog
 27216 | D:15     | Entered Level 15 of the Dungeon
 27248 | D:15     | XOM: noise
 27301 | D:15     | Reached skill level 5 in Earth Magic
 27441 | D:15     | XOM: polymorph deep elf mage -> deep troll
 27456 | D:15     | XOM: summons 1 hostile shadow creature
 27458 | D:15     | Reached skill level 5 in Necromancy
 27466 | D:15     | XOM: swap monsters
 27487 | D:15     | Found a staircase to the Depths.
 27547 | D:15     | XOM: 2-stop teleportation journey
 27685 | D:15     | XOM: silly message
 27723 | D:15     | XOM: confusion (+ monsters)
 27876 | D:15     | XOM: give mutations
 27876 | D:15     | Lost mutation: You are partially covered in yellow scales.
                  | (AC +2) [Xom's mischief]
 27876 | D:15     | Lost mutation: You are resistant to hostile enchantments.
                  | (MR+) [Xom's mischief]
 27876 | D:15     | Gained mutation: You are dopey. (Int -2) [Xom's mischief]
 27876 | D:15     | Gained mutation: You are partially covered in yellow
                  | scales. (AC +2) [Xom's mischief]
 28046 | D:15     | XOM: god gift: 16 stones {god gift}
 28274 | D:10     | XOM: give mutations
 28274 | D:10     | Lost mutation: You have supernaturally acute eyesight.
                  | (SInv) [Xom's mischief]
 28274 | D:10     | Gained mutation: Scrolls take you a little longer to read.
                  | [Xom's mischief]
 28274 | D:10     | Gained mutation: Your body sometimes deteriorates upon
                  | taking damage. [Xom's mischief]
 28310 | Orc:1    | Entered Level 1 of the Orcish Mines
 28451 | Orc:2    | Entered Level 2 of the Orcish Mines
 28471 | Orc:1    | XOM: god gift: 24 gold pieces {god gift}
 28480 | Orc:1    | XOM: smoke on damage
 28646 | Orc:1    | XOM: 8-stop teleportation journey
 28664 | Orc:1    | XOM: 3-stop teleportation journey
 28702 | Orc:1    | XOM: scenery: create altars
 28822 | Orc:1    | Found Jyuhacou's Antique Weapon Emporium.
 29001 | Orc:2    | Found a staircase to the Elven Halls.
 29079 | Orc:2    | XOM: scenery: create altars
 29185 | Orc:2    | Noticed Saint Roka
 29327 | Orc:2    | Killed Saint Roka
 29425 | Orc:2    | XOM: polymorph orc priest -> steam dragon
 29588 | Orc:2    | XOM: fog
 29593 | Orc:2    | Noticed Josephine
 29599 | Orc:2    | Killed Josephine
 29880 | Orc:2    | Noticed an orc warlord
 29933 | Orc:2    | Killed an orc warlord
 29935 | Orc:2    | XOM: summons 2 friendly demons
 29974 | Orc:2    | XOM: confuse monster(s)
 30052 | Orc:2    | XOM: 2-stop teleportation journey
 30195 | Orc:2    | Found Fusahul's Antique Armour Boutique.
 30196 | Orc:2    | Found Dotramos's Antique Weapon Shop.
 30197 | Orc:2    | Found Ceus's General Store.
 30197 | Orc:2    | Found Nylungydu's Book Boutique.
 30212 | Orc:2    | Bought a runed morningstar for 301 gold pieces
 30241 | Orc:2    | XOM: summons 2 friendly demons
 30248 | Orc:2    | XOM: god gift: 11 stones {god gift}
 30259 | Orc:2    | Reached skill level 10 in Earth Magic
 30344 | Orc:2    | XOM: enchant monster (bad)
 30376 | Orc:2    | XOM: give mutations
 30376 | Orc:2    | Lost mutation: Scrolls take you a little longer to read.
                  | [Xom's mischief]
 30376 | Orc:2    | Gained mutation: You are frail. (-10% HP) [Xom's mischief]
 30377 | Orc:2    | XOM: god gift: 35 gold pieces {god gift}
 30445 | Orc:2    | XOM: summons 8 hostile demons
 30533 | Orc:2    | XOM: stat loss: -1 Str (35/36)
 30709 | Orc:2    | XOM: silly message
 30891 | D:9      | XOM: summons 5 hostile demons
 30932 | D:6      | Bought the +7 tower shield of the Unbroken {+Fly rC+ Dex-2
                  | Stlth+} for 813 gold pieces
 31069 | Lair:3   | Reached skill level 10 in Necromancy
 31141 | Lair:3   | Found a staircase to the Shoals.
 31262 | Lair:3   | Killed Gastronok the juggernaut
 31262 | Lair:3   | Reached XP level 16. HP: 106/131 MP: 20/20
 31369 | Snake:1  | Entered Level 1 of the Snake Pit
 31410 | Snake:1  | Found Noukkis's Food Shoppe.
 31531 | Snake:1  | Noticed Ecerph's ghost (journeyman MiAK)
 31632 | Snake:1  | Found a runed translucent gate.
 31633 | Snake:1  | Found a runed translucent gate.
 31635 | Snake:1  | Found a runed translucent gate.
 31844 | Snake:1  | XOM: cast spell 'Alistair's Intoxication'
 31863 | Snake:1  | XOM: confusion
 31946 | Snake:1  | XOM: stat loss: -1 Dex (9/10)
 32013 | Snake:1  | XOM: summons friendly white imp
 32024 | Snake:1  | XOM: summons 2 hostile shadow creatures
 32238 | Snake:1  | Found Cohad's Distillery.
 32246 | Snake:1  | Bought a potion of might for 56 gold pieces
 32456 | Snake:1  | XOM: summons 13 friendly demons
 32464 | Snake:1  | XOM: summons 3 hostile shadow creatures
 32466 | Snake:1  | Killed Ecerph's ghost
 32470 | Snake:1  | XOM: summons friendly ufetubus
 32479 | Snake:1  | XOM: enchant monster (good)
 32560 | Snake:1  | Got an ancient helmet
 32571 | Snake:1  | Identified the cursed +0 helmet of Plog {rN+ MR+ Slay+3}
                  | (You found it on level 1 of the Snake Pit)
 32718 | Snake:2  | XOM: give mutations
 32718 | Snake:2  | Gained mutation: You are somewhat resistant to further
                  | mutation. [Xom's grace]
 32718 | Snake:2  | Gained mutation: You have a pair of small horns on your
                  | head. [Xom's grace]
 32718 | Snake:2  | Gained mutation: You possess an exceptional clarity of
                  | mind. [Xom's grace]
 32718 | Snake:2  | Gained mutation: You are agile. (Dex +2) [Xom's grace]
 32719 | Snake:2  | Upgraded the game from 0.25-a0-1133-g93ebf739aa to
                  | 0.25-a0-1137-g7f6bfe439b
 32930 | D:5      | Lost mutation: You are dopey. (Int -2) [potion of mutation]
 32930 | D:5      | Lost mutation: You have a pair of small horns on your head.
                  | [potion of mutation]
 32930 | D:5      | Gained mutation: You occasionally shout uncontrollably at
                  | your foes. [potion of mutation]
 33106 | Snake:2  | XOM: scenery: create altars
 33166 | Snake:2  | XOM: scenery: create altars
 33209 | Snake:2  | XOM: divination: detect creatures
 33211 | Snake:2  | XOM: summons 2 friendly demons
 33220 | Snake:2  | XOM: summons friendly iron imp
 33507 | Snake:2  | XOM: noise
 33629 | Snake:2  | XOM: chaos upgrade
 33912 | Snake:3  | XOM: cast spell 'Cause Fear'
 33989 | Snake:3  | XOM: silly message
 33992 | Snake:3  | XOM: cast spell 'Necromutation'
 33994 | Snake:3  | XOM: summons friendly quasit
 34017 | Snake:3  | XOM: fake destruction
 34185 | Snake:3  | XOM: snakes to sticks
 34194 | Snake:3  | Reached skill level 10 in Shields
 34401 | Snake:3  | XOM: enchant monster (good)
 34433 | Snake:3  | XOM: scenery: create altars
 34556 | Snake:4  | Entered Level 4 of the Snake Pit
 34662 | Snake:4  | XOM: confuse monster(s)
 34748 | Snake:4  | XOM: summons 7 friendly demons
 34909 | Snake:4  | XOM: noise
 34932 | Snake:4  | XOM: enchant monster (bad)
 34957 | Snake:4  | XOM: 2-stop teleportation journey
 35047 | Snake:4  | Reached XP level 17. HP: 115/137 MP: 21/21
 35159 | Snake:4  | XOM: silly message
 35188 | Snake:4  | XOM: blink monster(s)
 35194 | Snake:4  | XOM: blink monster(s)
 35215 | Snake:4  | XOM: 2-stop teleportation journey
 35257 | Snake:4  | XOM: 6-stop teleportation journey
 35438 | Snake:4  | XOM: cleaving
 35440 | Snake:4  | XOM: enchant monster (bad)
 35481 | Snake:4  | XOM: confuse monster(s)
 35487 | Snake:4  | XOM: 1-stop teleportation journey
 35491 | Snake:4  | XOM: 2-stop teleportation journey
 35503 | Snake:4  | Found a runed translucent door.
 35535 | Snake:4  | XOM: polymorph naga warrior -> wolf spider
 35586 | Snake:4  | XOM: summons 9 hostile demons
 35666 | Snake:4  | XOM: swap monsters
 35683 | Snake:4  | XOM: summons 4 hostile shadow creatures
 35750 | Snake:4  | XOM: polymorph nagaraja -> storm dragon
 35820 | Snake:4  | Noticed Moow Rit's ghost (journeyman DDFi)
 35943 | Snake:4  | XOM: noise
 35947 | Snake:4  | XOM: blink monster(s)
 35963 | Snake:4  | Noticed Vashnia
 35990 | Snake:4  | XOM: summons 4 friendly demons
 36010 | Snake:4  | Killed Vashnia
 36030 | Snake:4  | XOM: potion effect (berserk rage)
 36068 | Snake:4  | XOM: give mutations
 36068 | Snake:4  | Gained mutation: You are dopey. (Int -2) [Xom's mischief]
 36068 | Snake:4  | Gained mutation: You are weak. (Str -2) [Xom's mischief]
 36068 | Snake:4  | Gained mutation: You are very dopey. (Int -4) [Xom's
                  | mischief]
 36068 | Snake:4  | Lost mutation: Your system is resistant to poisons. (rPois)
                  | [Xom's mischief]
 36080 | Snake:4  | XOM: blink monster(s)
 36200 | Snake:4  | Got a serpentine rune of Zot
 36590 | Lair:6   | XOM: cleaving
 36644 | Lair:6   | Got faintly humming acid dragon scales
 36655 | Lair:6   | Identified the cursed +1 acid dragon scales "Ampagrax"
                  | {rCorr MP+9} (You found it on level 6 of the Lair of
                  | Beasts)
 36723 | Lair:6   | Reached skill level 15 in Shields
 36743 | Lair:6   | XOM: silly message
 36910 | Lair:6   | XOM: scenery: 1 doors close
 37011 | Lair:6   | XOM: cast spell 'Alistair's Intoxication'
 37234 | Lair:6   | Found a viscous altar of Jiyva.
 37235 | Lair:6   | Found a staircase to the Slime Pits.
 37301 | Lair:6   | XOM: 3-stop teleportation journey
 37581 | Lair:2   | Killed MisterFreud's ghost
 37803 | D:11     | Learned a level 3 spell: Lesser Beckoning
 37995 | Shoals:1 | Entered Level 1 of the Shoals
 38117 | Shoals:1 | Found a runed translucent gate.
 38117 | Shoals:1 | Found a runed translucent gate.
 38118 | Shoals:1 | Noticed HYPERHYPER's ghost (journeyman DDFi)
 38120 | Shoals:1 | Found a runed translucent gate.
 38141 | Shoals:1 | XOM: give mutations
 38141 | Shoals:1 | Lost mutation: You are somewhat resistant to further
                  | mutation. [Xom's mischief]
 38141 | Shoals:1 | Gained mutation: You are very weak. (Str -4) [Xom's
                  | mischief]
 38141 | Shoals:1 | Lost mutation: You are very weak. (Str -4) [Xom's mischief]
 38147 | Shoals:1 | Found the +7 mace of Variability {chain chaos}
 38305 | Shoals:1 | XOM: blink monster(s)
 38316 | Shoals:1 | XOM: summons 6 hostile demons
 38317 | Shoals:1 | XOM: 1-stop teleportation journey
 38449 | Shoals:1 | XOM is BORED!
 38449 | Shoals:1 | XOM: give mutations
 38449 | Shoals:1 | Lost mutation: Your body sometimes deteriorates upon taking
                  | damage. [Xom's mischief]
 38449 | Shoals:1 | Gained mutation: Your body sometimes deteriorates upon
                  | taking damage. [Xom's mischief]
 38573 | Shoals:1 | XOM: draining
 38581 | Shoals:1 | XOM: swap monsters
 38772 | Shoals:2 | XOM: polymorph merfolk javelineer -> ettin
 38779 | Shoals:2 | Gained mutation: You passively map a large area around you.
                  | [Deep Dwarf growth]
 38779 | Shoals:2 | Reached XP level 18. HP: 144/144 MP: 20/20
 38807 | Shoals:2 | XOM: summons friendly crimson imp
 38812 | Shoals:2 | XOM: scenery: create altars
 38937 | Shoals:2 | XOM: destruction
 38949 | Shoals:2 | XOM: fake destruction
 38952 | Shoals:2 | XOM: enchant monster (good)
 39041 | Shoals:2 | XOM: summons friendly white imp
 39043 | Shoals:2 | XOM: potion effect (might)
 39049 | Shoals:2 | XOM: fog
 39082 | Shoals:2 | XOM: potion effect (berserk rage)
 39084 | Shoals:2 | XOM: cast spell 'Summon Dragon'
 39234 | Shoals:2 | XOM: polymorph faun -> sea snake
 39335 | Shoals:2 | XOM: 1-stop teleportation journey
 39392 | Shoals:2 | XOM: blink monster(s)
 39535 | Shoals:2 | XOM: 7-stop teleportation journey
 39683 | Shoals:3 | Reached skill level 1 in Translocations
 39702 | Shoals:3 | XOM: noise
 39729 | Shoals:3 | XOM: swap monsters
 39805 | Shoals:3 | XOM: noise
 39819 | Shoals:3 | XOM: cast spell 'Summon Ice Beast'
 39870 | Shoals:3 | XOM: fog
 39985 | Shoals:3 | XOM: chaos upgrade
 39988 | Shoals:3 | XOM: summons 3 hostile shadow creatures
 40184 | Shoals:3 | Found Vangebioph's Mayhem Merchandise.
 40189 | Shoals:3 | XOM: silly message
 40218 | Shoals:3 | Bought a wand of iceblast (2) for 78 gold pieces
 40218 | Shoals:3 | Bought a wand of iceblast (5) for 117 gold pieces
 40218 | Shoals:3 | Bought a wand of iceblast (5) for 117 gold pieces
 40218 | Shoals:3 | Bought a +2 broad axe of electrocution for 286 gold pieces
 40282 | Shoals:3 | Reached skill level 5 in Translocations
 40534 | Shoals:4 | Entered Level 4 of the Shoals
 40543 | Shoals:4 | XOM: noise
 40544 | Shoals:4 | XOM: enchant monster (good)
 40582 | Shoals:4 | XOM: swap monsters
 40615 | Shoals:4 | XOM: enchant monster (bad)
 40629 | Shoals:4 | XOM: 1-stop teleportation journey
 40636 | Shoals:4 | XOM: chaos upgrade
 40814 | Shoals:4 | XOM: summons 1 hostile demon
 40821 | Shoals:4 | XOM: summons 4 hostile shadow creatures
 41067 | Shoals:4 | XOM: polymorph alligator snapping turtle -> shadow dragon
 41078 | Shoals:4 | Reached skill level 15 in Axes
 41179 | Shoals:4 | XOM: smoke on damage
 41180 | Shoals:4 | XOM: torment (70/144 hp)
 41436 | Shoals:4 | XOM: summons 4 hostile demons
 41624 | Shoals:4 | XOM: enchant monster (bad)
 41640 | Shoals:4 | XOM: scenery: create altars
 41777 | Shoals:4 | XOM: noise
 41782 | Shoals:4 | XOM: cast spell 'Leda's Liquefaction'
 41792 | Shoals:4 | XOM: swap monsters
 41825 | Shoals:4 | Got a barnacled rune of Zot
 41837 | Shoals:4 | XOM: divination: detect creatures
 41950 | Shoals:2 | XOM: divination: detect items
 42094 | Elf:1    | Entered Level 1 of the Elven Halls
 42136 | Elf:1    | Reached XP level 19. HP: 143/151 MP: 19/19
 42137 | Elf:1    | XOM: potion effect (haste)
 42178 | Elf:1    | Found Tulogengy's Armour Shop.
 42178 | Elf:1    | XOM: 4-stop teleportation journey
 42230 | Elf:1    | Found Tearelif's Distillery.
 42236 | Elf:1    | Bought a potion of might for 56 gold pieces
 42390 | Elf:1    | XOM: noise
 42472 | Elf:1    | Found Lurrivin's Antique Armour Shop.
 42478 | Elf:1    | XOM: summons 2 hostile demons
 42615 | Elf:1    | Found Jimee's Assorted Antiques.
 42679 | Elf:1    | XOM: summons friendly white imp
 42744 | Elf:1    | Identified the Disquisition on Dark Rites
 42844 | Elf:1    | XOM: give mutations
 42844 | Elf:1    | Gained mutation: You have a beak for a mouth. [Xom's grace]
 42844 | Elf:1    | Gained mutation: You have a pair of small antennae on your
                  | head. [Xom's grace]
 42844 | Elf:1    | Gained mutation: You evolve. [Xom's grace]
 42844 | Elf:1    | Gained mutation: Your system is resistant to poisons.
                  | (rPois) [Xom's grace]
 43019 | Lair:3   | XOM: give mutations
 43019 | Lair:3   | Lost mutation: You evolve. [Xom's grace]
 43019 | Lair:3   | Gained mutation: You are somewhat resistant to further
                  | mutation. [Xom's grace]
 43019 | Lair:3   | Gained mutation: You are somewhat resistant to both further
                  | mutation and mutation removal. [Xom's grace]
 43046 | Lair:1   | XOM: divination: detect creatures
 43166 | Elf:2    | XOM: cleaving
 43259 | Elf:2    | Lost mutation: Your body sometimes deteriorates upon taking
                  | damage. [potion of mutation]
 43259 | Elf:2    | Lost mutation: You occasionally shout uncontrollably at
                  | your foes. [potion of mutation]
 43259 | Elf:2    | Gained mutation: You have sharp toenails. [potion of
                  | mutation]
 43265 | Elf:2    | XOM: divination: magic mapping
 43267 | Elf:2    | XOM: noise
 43283 | Elf:2    | XOM: divination: detect items
 43302 | Elf:2    | Reached skill level 15 in Armour
 43302 | Elf:2    | XOM: blink monster(s)
 43305 | Elf:2    | XOM: divination: magic mapping
 43380 | Elf:2    | Found a huge runed translucent gate.
 43380 | Elf:2    | Found a huge runed translucent gate.
 43380 | Elf:2    | Found a huge runed translucent gate.
 43380 | Elf:2    | Found a huge runed translucent gate.
 43380 | Elf:2    | Found a huge runed translucent gate.
 43541 | Elf:2    | Found Gaggy's Gadget Shop.
 43541 | Elf:2    | Found Enekiave's Jewellery Emporium.
 43542 | Elf:2    | Found Xianioc's Jewellery Emporium.
 43549 | Elf:2    | Bought a wand of enslavement (10) for 180 gold pieces
 43589 | Elf:2    | Found Nonoetan's Assorted Antiques.
 43641 | Elf:2    | XOM: silly message
 43938 | Elf:2    | XOM: potion effect (berserk rage)
 44279 | Elf:2    | XOM: polymorph deep elf mage -> glowing shapeshifter
 44341 | Elf:2    | XOM: divination: detect creatures
 44673 | Elf:3    | Entered Level 3 of the Elven Halls
 44823 | Elf:3    | XOM: 3-stop teleportation journey
 44840 | Elf:3    | XOM: cleaving
 44848 | Elf:3    | Identified Roxanne's Reference Book on Changing
 44848 | Elf:3    | Noticed Roxanne
 45281 | Elf:3    | Found Zeoxigaf's Armour Boutique.
 45352 | Elf:3    | XOM: scenery: 1 doors close
 45470 | Elf:3    | XOM: summons 14 friendly demons
 45557 | Elf:3    | Identified the +4 long sword of Suny {freeze, Int+4}
 45563 | Elf:3    | XOM: confuse monster(s)
 45564 | Elf:3    | Reached skill level 15 in Earth Magic
 45566 | Elf:3    | Identified the +1 scimitar of the Philosopher {elec,
                  | *Corrode MR+ Stlth+}
 45570 | Elf:3    | XOM: scenery: 1 doors close
 45578 | Elf:3    | XOM: summons 2 hostile demons
 45595 | Elf:3    | XOM: fog
 45600 | Elf:3    | XOM: blink monster(s)
 45607 | Elf:3    | Noticed a Brimstone Fiend
 45678 | Elf:3    | XOM: enchant monster (bad)
 45686 | Elf:3    | Reached XP level 20. HP: 148/158 MP: 19/19
 45699 | Elf:3    | Lost mutation: You are agile. (Dex +2) [a cacodemon]
 45833 | Elf:3    | XOM: enchant monster (bad)
 46163 | Snake:4  | XOM: blink monster(s)
 46175 | Snake:4  | Killed Moow Rit's ghost
 46521 | Elf:3    | XOM: noise
 46536 | Elf:3    | XOM: enchant monster (bad)
 46614 | Elf:3    | XOM: blink monster(s)
 46635 | Elf:3    | Found the +2 hood of the Assassin {Detection Stab+ Stlth++}
 46693 | Elf:3    | XOM: noise
 46703 | Elf:3    | Identified Fatevapa's Incunabulum of the Twisted Oath
 47202 | Vaults:1 | Entered Level 1 of the Vaults
 47359 | Vaults:1 | XOM: give mutations
 47359 | Vaults:1 | Gained mutation: Your spells are a little harder to cast,
                  | but a little more powerful. [Xom's grace]
 47359 | Vaults:1 | Gained mutation: Your skin changes colour to match your
                  | surroundings (Stealth+). [Xom's grace]
 47359 | Vaults:1 | Gained mutation: You are partially covered in icy blue
                  | scales. (AC +2) [Xom's grace]
 47359 | Vaults:1 | Gained mutation: You can translocate small distances at
                  | will. [Xom's grace]
 47384 | Vaults:1 | XOM: repel stairs
 47413 | Vaults:1 | XOM: blink monster(s)
 47417 | Vaults:1 | XOM: polymorph deep elf mage -> shining eye
 47507 | Vaults:1 | XOM: give mutations
 47507 | Vaults:1 | Lost mutation: Your system is resistant to poisons. (rPois)
                  | [Xom's mischief]
 47507 | Vaults:1 | Lost mutation: You are very dopey. (Int -4) [Xom's
                  | mischief]
 47507 | Vaults:1 | Lost mutation: You possess an exceptional clarity of mind.
                  | [Xom's mischief]
 47507 | Vaults:1 | Lost mutation: You are frail. (-10% HP) [Xom's mischief]
 47636 | Vaults:1 | XOM: silly message
 47671 | Vaults:1 | XOM: summons 6 hostile demons
 47705 | Vaults:1 | XOM: blink monster(s)
 47807 | Vaults:1 | XOM: swap monsters
 47810 | Vaults:1 | XOM: confusion
 47812 | Vaults:1 | XOM: cast spell 'Summon Ice Beast'
 48186 | Vaults:1 | XOM: confuse monster(s)
 48278 | Vaults:1 | XOM: cloud trail
 48353 | Vaults:1 | XOM: stat loss: -1 Int (13/14)
 48495 | Vaults:1 | XOM: noise
 48504 | Vaults:1 | XOM: scenery: create altars
 48508 | Vaults:1 | XOM: enchant monster (bad)
 48601 | Vaults:1 | XOM: give mutation
 48601 | Vaults:1 | Lost mutation: You have sharp toenails. [Xom's mischief]
 48774 | Vaults:1 | XOM: polymorph tarantella -> floating eye
 48790 | Vaults:1 | XOM: noise
 48975 | Vaults:1 | XOM: chaos upgrade
 49315 | Vaults:2 | XOM: summons 2 friendly demons
 49324 | Vaults:2 | XOM: potion effect (heal wounds)
 49334 | Vaults:2 | Noticed Aizul
 49355 | Vaults:2 | Killed Aizul
 49362 | Vaults:2 | XOM: stat loss: -1 Str (34/35)
 49410 | Vaults:2 | XOM: silly message
 49429 | Vaults:2 | XOM: noise
 49436 | Vaults:2 | XOM: blink monster(s)
 49449 | Vaults:2 | Reached skill level 15 in Necromancy
 49471 | Vaults:2 | Reached XP level 21. HP: 183/183 MP: 24/24
 49494 | Vaults:2 | XOM: swap monsters
 49684 | Vaults:2 | Got a pair of heavily runed boots
 49803 | Vaults:2 | XOM: silly message
 49804 | Vaults:2 | Identified the +1 pair of boots "Oczauf" {rF++ Str-3} (You
                  | found it on level 2 of the Vaults)
 49859 | Vaults:2 | XOM: silly message
 49876 | Vaults:2 | Reached skill level 10 in Spellcasting
 49881 | Vaults:2 | XOM: enchant monster (good)
 49987 | Vaults:2 | XOM: noise
 50446 | Vaults:2 | XOM: divination: detect items
 50856 | Vaults:3 | XOM: god gift: wand of paralysis (6) {god gift}
 51149 | Vaults:3 | XOM: confuse monster(s)
 51456 | Vaults:3 | XOM: silly message
 51478 | Vaults:3 | XOM: potion effect (curing)
 51557 | Vaults:3 | XOM: summons 2 friendly demons
 51601 | Vaults:3 | XOM: enchant monster (good)
 51618 | Vaults:3 | XOM: cast spell 'Olgreb's Toxic Radiance'
 51833 | D:11     | Bought the ring of the Commoners {rF+ SInv} for 434 gold
                  | pieces
 51957 | Snake:1  | Bought a potion of experience for 700 gold pieces
 51957 | Snake:1  | Bought a potion of haste for 140 gold pieces
 51957 | Snake:1  | Reached XP level 22. HP: 193/193 MP: 26/26
 52518 | Vaults:3 | XOM: summons 6 friendly demons
 52688 | Vaults:3 | Found a staircase to the Crypt.
 52770 | Vaults:4 | XOM: confuse monster(s)
 52890 | Vaults:4 | XOM: cast spell 'Summon Ice Beast'
 52927 | Vaults:4 | XOM: summons friendly quasit
 52939 | Vaults:4 | XOM: cloud trail
 52980 | Vaults:4 | XOM: give mutations
 52980 | Vaults:4 | Lost mutation: You are dopey. (Int -2) [Xom's mischief]
 52980 | Vaults:4 | Lost mutation: You are partially covered in icy blue
                  | scales. (AC +2) [Xom's mischief]
 52980 | Vaults:4 | Lost mutation: You have a beak for a mouth. [Xom's
                  | mischief]
 52980 | Vaults:4 | Gained mutation: You are very weak. (Str -4) [Xom's
                  | mischief]
 53002 | Vaults:4 | XOM: noise
 53010 | Vaults:4 | XOM: enchant monster (bad)
 53023 | Vaults:4 | XOM: god gift: scroll of enchant armour {god gift}
 53608 | Vaults:4 | XOM: polymorph vault sentinel -> spriggan
 53641 | Vaults:4 | XOM: divination: detect items
 53660 | Vaults:4 | XOM: swap monsters
 53665 | Vaults:4 | XOM: confusion
 53685 | Vaults:4 | XOM: swap monsters
 53694 | Vaults:4 | XOM: enchant monster (bad)
 54327 | Depths:1 | Entered Level 1 of the Depths
 54409 | Depths:1 | XOM: smoke on damage
 54419 | Depths:1 | XOM: noise
 54514 | Depths:1 | XOM: swap monsters
 54527 | Depths:1 | Reached XP level 23. HP: 205/205 MP: 25/27
 54541 | Depths:1 | XOM: polymorph eye of devastation -> death drake
 54547 | Depths:1 | XOM: polymorph death drake -> elephant
 54555 | Depths:1 | XOM: cast spell 'Metabolic Englaciation'
 54558 | Depths:1 | Paralysed by a floating eye for 4 turns
 54795 | Depths:1 | XOM: swap monsters
 54805 | Depths:1 | XOM: torment (115/205 hp)
 54812 | Depths:1 | XOM: polymorph tengu warrior -> wolf spider
 54832 | Depths:1 | XOM: polymorph ogre mage -> anaconda
 54896 | Depths:1 | Found a gateway to Hell.
 55558 | Elf:1    | Bought a +0 pair of boots of running for 409 gold pieces
 55711 | Orc:2    | Bought a scroll of enchant armour for 120 gold pieces
 55833 | D:10     | XOM: give mutations
 55833 | D:10     | Gained mutation: You are dopey. (Int -2) [Xom's mischief]
 55833 | D:10     | Lost mutation: You are very weak. (Str -4) [Xom's mischief]
 55833 | D:10     | Lost mutation: You have a pair of small antennae on your
                  | head. [Xom's mischief]
 56006 | Depths:1 | XOM: torment (119/206 hp)
 56045 | Depths:1 | XOM: 1-stop teleportation journey
 56055 | Depths:1 | XOM: 2-stop teleportation journey
 56108 | Depths:1 | XOM: polymorph orc knight -> deep troll
 56200 | Depths:1 | XOM: confusion (+ monsters)
 56201 | Depths:1 | XOM: chaos upgrade
 56204 | Depths:1 | XOM: polymorph salamander mystic -> wolf spider
 56367 | Depths:1 | XOM: divination: magic mapping
 56440 | Depths:1 | XOM: give mutation
 56440 | Depths:1 | Gained mutation: You possess an exceptional clarity of
                  | mind. [Xom's grace]
 56517 | Depths:1 | Identified the +8 war axe of Absolution {antimagic, +Fly
                  | rF++ Int-3 Dex+2} (You found it on level 1 of the Depths)
 56591 | Depths:1 | XOM: summons 6 hostile demons
 56601 | Depths:1 | XOM: polymorph sun demon -> soul eater
 56652 | Depths:1 | Identified the +1 pair of boots "Azoinulidae" {rN++ Str+6
                  | Int-4 SInv} (You found it on level 1 of the Depths)
 56658 | Depths:1 | Identified the Compendium of Boosting Flight
 56666 | Depths:1 | Identified the +10 bardiche of Integrity {drain, rPois
                  | Int+6} (You found it on level 1 of the Depths)
 56695 | Depths:1 | XOM: god gift: scroll of enchant weapon {god gift}
 56762 | Depths:2 | Found Musaoch's Magic Scroll Shoppe.
 56768 | Depths:2 | Found Nomet's Book Emporium.
 56769 | Depths:2 | Found Lisagin's Distillery.
 56776 | Depths:2 | Bought a potion of might for 56 gold pieces
 56834 | Depths:2 | Found a one-way gate to the infinite horrors of the Abyss.
 56858 | Depths:2 | Paralysed by a floating eye for 2 turns
 56880 | Depths:2 | XOM: summons 4 friendly demons
 56881 | Depths:2 | Paralysed by a floating eye for 2 turns
 56903 | Depths:2 | XOM: enchant monster (bad)
 56961 | Depths:2 | XOM: noise
 57052 | Depths:2 | XOM: noise
 57107 | Depths:2 | XOM: noise
 57239 | Depths:2 | XOM: smoke on damage
 57459 | Depths:2 | XOM: 2-stop teleportation journey
 57712 | Depths:2 | XOM: silly message
 57813 | Depths:2 | Paralysed by a floating eye for 3 turns
 57817 | Depths:2 | XOM: stat loss: -1 Int (13/14)
 57835 | Depths:2 | XOM: confuse monster(s)
 57853 | Depths:2 | XOM: noise
 58034 | Depths:2 | XOM: noise
 58526 | Depths:3 | XOM: enchant monster (good)
 58567 | Depths:3 | XOM: divination: magic mapping
 58662 | Depths:3 | Reached skill level 15 in Fighting
 58665 | Depths:3 | XOM: cast spell 'Summon Dragon'
 58762 | Depths:3 | XOM: cast spell 'Death Channel'
 58939 | Depths:3 | Reached XP level 24. HP: 181/225 MP: 27/27
 59094 | Depths:3 | XOM: summons 2 friendly demons
 59190 | Depths:3 | XOM: god gift: plate armour {god gift}
 59213 | Depths:3 | XOM: confuse monster(s)
 59255 | Depths:3 | XOM: cast spell 'Alistair's Intoxication'
 59291 | Depths:3 | XOM: god gift: 40 gold pieces {god gift}
 59306 | Depths:3 | Found a one-way gate leading to the halls of Pandemonium.
 59746 | Depths:3 | Identified the +2 ring mail of Midnight {rPois} (You found
                  | it on level 3 of the Depths)
 59868 | Depths:4 | XOM: enchant monster (good)
 59897 | Depths:4 | XOM: scenery: create altars
 59927 | Depths:4 | Found Fasot's Weapon Emporium.
 59927 | Depths:4 | XOM: summons friendly ice devil
 59937 | Depths:4 | XOM: polymorph purple very ugly thing -> red very ugly
                  | thing
 59957 | Depths:4 | XOM: god gift: 57 gold pieces {god gift}
 60093 | Depths:4 | XOM: cleaving
 60151 | Depths:4 | XOM: give mutation
 60151 | Depths:4 | Lost mutation: You are weak. (Str -2) [Xom's grace]
 60223 | Depths:4 | XOM: god gift: potion of curing {god gift}
 60300 | Depths:4 | XOM: god gift: 16 gold pieces {god gift}
 60344 | Depths:4 | XOM: silly message
 60461 | Depths:4 | XOM: give mutation
 60461 | Depths:4 | Gained mutation: You have very sharp fingernails. [Xom's
                  | grace]
 60521 | Depths:5 | Entered Level 5 of the Depths
 60664 | Depths:5 | XOM: scenery: 1 doors open
 60750 | Depths:5 | XOM: summons friendly white imp
 60758 | Depths:5 | XOM: fake destruction
 60956 | Depths:5 | XOM: summons 9 friendly demons
 60976 | Depths:5 | XOM: smoke on damage
 60978 | Depths:5 | XOM: 2-stop teleportation journey
 61076 | Depths:5 | Found a gateway to a ziggurat.
 61216 | Depths:5 | XOM: divine lightning
 61292 | Depths:5 | Found a gate to the Realm of Zot.
 61331 | Depths:5 | XOM: enchant monster (good)
 61567 | Depths:5 | XOM: scenery: create altars
 61638 | Depths:5 | XOM: confuse monster(s)
 61665 | Depths:5 | Got a scintillating silver ring
 61666 | Depths:5 | Identified the ring of Zudghidul {Fire Int+5} (You found it
                  | on level 5 of the Depths)
 61725 | Depths:5 | XOM: scenery: 1 doors close
 61953 | Depths:5 | XOM: smoke on damage
 62535 | Elf:1    | XOM: noise
 62793 | D:10     | You paid a toll of a +6 demon whip to enter a treasure
                  | trove
 62794 | Trove    | Entered a treasure trove
 62802 | Trove    | Got a scintillating lead ring
 62804 | Trove    | Got a sparkling ivory amulet
 62811 | Trove    | Got a faintly glowing ruby amulet
 62816 | Trove    | Got a heavily runed golden ring
 62818 | Trove    | Got a glittering copper ring
 62820 | Trove    | Got a smoking jade ring
 62822 | Trove    | Got a coiled bronze ring
 62824 | Trove    | Got a coiled pewter ring
 62827 | Trove    | Identified the ring of Cuon {Wiz MR+} (You found it in a
                  | treasure trove)
 62828 | Trove    | Identified the amulet "Asohatal" {Spirit *Contam Dex+4}
                  | (You found it in a treasure trove)
 62829 | Trove    | Identified the amulet of Autumn {Reflect rPois Str+10 Int-2
                  | Dex+2 SH+5} (You found it in a treasure trove)
 62833 | Trove    | Identified the ring of Hishawud {Wiz SInv} (You found it in
                  | a treasure trove)
 62834 | Trove    | Identified the ring of the Jolly Orbs {+Inv rPois Stlth+}
                  | (You found it in a treasure trove)
 62836 | Trove    | Identified the ring of Gear {rPois rC+} (You found it in a
                  | treasure trove)
 62837 | Trove    | Identified the ring of the Ancients {Wiz rPois} (You found
                  | it in a treasure trove)
 62838 | Trove    | Identified the ring "Ruuggikh" {+Fly rF+ Str-4 Int+2} (You
                  | found it in a treasure trove)
 63051 | Vaults:5 | Entered Level 5 of the Vaults
 63053 | Vaults:5 | XOM: potion effect (might)
 63054 | Vaults:5 | XOM: potion effect (curing)
 63062 | Vaults:5 | Reached skill level 1 in Stealth
 63075 | Vaults:5 | Reached XP level 25. HP: 223/232 MP: 25/25
 63084 | Vaults:5 | Reached skill level 5 in Stealth
 63118 | Vaults:5 | XOM: silly message
 63136 | Vaults:5 | XOM: potion effect (invisibility)
 63140 | Vaults:5 | XOM: silly message
 63148 | Vaults:5 | Reached skill level 10 in Stealth
 63155 | Vaults:5 | Noticed an ancient lich
 63178 | Vaults:5 | XOM: potion effect (experience)
 63178 | Vaults:5 | Reached XP level 26. HP: 140/241 MP: 4/25
 63195 | Vaults:5 | XOM: silly message
 63283 | Vaults:5 | XOM: divination: magic mapping
 63301 | Vaults:5 | XOM: potion effect (brilliance)
 63315 | Vaults:5 | XOM: silly message
 63319 | Vaults:5 | XOM: potion effect (invisibility)
 63324 | Vaults:5 | XOM: silly message
 63325 | Vaults:5 | Killed an ancient lich
 63408 | Vaults:5 | XOM: enchant monster (bad)
 63447 | Vaults:5 | Noticed Mennas
 63453 | Vaults:5 | Noticed an ancient lich
 63456 | Vaults:5 | XOM: silly message
 63461 | Vaults:5 | XOM: cast spell 'Metabolic Englaciation'
 63466 | Vaults:5 | XOM: blink monster(s)
 63482 | Vaults:5 | Killed an ancient lich
 63580 | Vaults:5 | XOM: summons friendly shadow imp
 63593 | Vaults:5 | XOM: enchant monster (bad)
 63596 | Vaults:5 | XOM: summons 1 hostile shadow creature
 63654 | Vaults:5 | XOM: summons friendly white imp
 63660 | Vaults:5 | XOM: enchant monster (good)
 63719 | Vaults:5 | XOM: polymorph Brimstone Fiend -> Ice Fiend
 64154 | Vaults:5 | Identified the +5 spear of Daenguidd {elec, +Rage rElec
                  | rPois Int-3}
 64159 | Vaults:5 | Identified the cursed +1 long sword of Bodily Harmony
                  | {freeze, +Fly MR- Int+4 Dex+3}
 64163 | Vaults:5 | Noticed an ancient lich
 64168 | Vaults:5 | XOM: enchant monster (good)
 64177 | Vaults:5 | XOM: confuse monster(s)
 64178 | Vaults:5 | XOM: divination: magic mapping
 64181 | Vaults:5 | Killed an ancient lich
 64189 | Vaults:5 | Identified the +4 war axe "Weif" {protect, rN+++}
 64191 | Vaults:5 | Identified the +0 ring mail "Cessaim" {*Slow rPois Int+4}
 64197 | Vaults:5 | XOM: enchant monster (good)
 64330 | Vaults:4 | XOM: cast spell 'Disjunction'
 64366 | Vaults:4 | Killed Mennas
 64407 | Vaults:5 | XOM: god gift: scroll of vulnerability {god gift}
 64447 | Vaults:5 | XOM: cloud trail
 64515 | Vaults:5 | Identified the +1 plate armour of a Labyrinth {rF+ rCorr
                  | Slay+6}
 64523 | Vaults:5 | XOM: give mutations
 64523 | Vaults:5 | Gained mutation: You have a somewhat thin skeletal
                  | structure. (Dex +2, Stealth) [Xom's grace]
 64523 | Vaults:5 | Gained mutation: Your flesh is cold resistant. (rC+) [Xom's
                  | grace]
 64539 | Vaults:5 | XOM: 3-stop teleportation journey
 64608 | Vaults:5 | Reached XP level 27. HP: 243/248 MP: 3/24
 64827 | Vaults:5 | XOM: god gift: 12 gold pieces {god gift}
 64933 | Vaults:5 | XOM: cloud trail
 64935 | Vaults:5 | Identified the Disquisition on Unholy Rituals
 65024 | Vaults:5 | XOM: noise
 65102 | Vaults:5 | XOM: give mutations
 65102 | Vaults:5 | Gained mutation: You have large cloven feet. [Xom's grace]
 65102 | Vaults:5 | Gained mutation: Your flesh is very cold resistant. (rC++)
                  | [Xom's grace]
 65160 | Vaults:5 | Identified the +5 demon trident of a Gauntlet {drain, rN+
                  | Dex+3} (You found it on level 5 of the Vaults)
 65168 | Vaults:5 | Got a silver rune of Zot
 65243 | Vaults:5 | XOM: polymorph golden dragon -> iron giant
 65257 | Vaults:5 | Reached skill level 15 in Dodging
 65398 | Vaults:5 | Identified the Disquisition on the Fiery Glacier
 65424 | Vaults:5 | Got a polished helmet
 65425 | Vaults:5 | Identified the +0 helmet of the City {rN+ Regen+ Int-5}
                  | (You found it on level 5 of the Vaults)
 65446 | Vaults:5 | XOM: cloud trail
 65633 | Vaults:5 | XOM: scenery: create altars
 65933 | D:9      | Bought a scroll of magic mapping for 38 gold pieces
 65933 | D:9      | Bought a scroll of enchant weapon for 82 gold pieces
 65933 | D:9      | Bought a scroll of identify for 22 gold pieces
 65933 | D:9      | Bought a scroll of teleportation for 33 gold pieces
 65933 | D:9      | Bought a scroll of teleportation for 33 gold pieces
 65933 | D:9      | Bought a scroll of teleportation for 33 gold pieces
 65933 | D:9      | Bought a scroll of fear for 38 gold pieces
 65933 | D:9      | Bought a scroll of teleportation for 33 gold pieces
 65984 | D:9      | Bought a potion of resistance for 140 gold pieces
 65984 | D:9      | Bought a potion of resistance for 140 gold pieces
 65984 | D:9      | Bought a potion of might for 56 gold pieces
 66135 | Depths:2 | Bought a potion of heal wounds for 70 gold pieces
 66135 | Depths:2 | Bought a potion of heal wounds for 70 gold pieces
 66205 | D:15     | XOM: give mutations
 66205 | D:15     | Gained mutation: You are agile. (Dex +2) [Xom's grace]
 66205 | D:15     | Gained mutation: You are surrounded by a mild repulsion
                  | field. (EV +2) [Xom's grace]
 66205 | D:15     | Gained mutation: You are resistant to hostile enchantments.
                  | (MR+) [Xom's grace]
 66276 | D:10     | Bought a wand of acid (11) for 420 gold pieces
 66317 | D:12     | Bought a wand of acid (12) for 448 gold pieces
 66555 | Zot:1    | Entered Level 1 of the Realm of Zot
 66611 | Zot:1    | Reached skill level 1 in Throwing
 66746 | Zot:1    | XOM: butterfly on damage
 66757 | Zot:1    | XOM: divination: magic mapping
 66778 | Zot:1    | XOM: enchant monster (good)
 66836 | Zot:1    | XOM: confuse monster(s)
 66850 | Zot:1    | XOM: enchant monster (good)
 66854 | Zot:1    | XOM: chaos upgrade
 67038 | Zot:1    | Noticed an orb of fire
 67306 | Zot:1    | XOM: god gift: scroll of amnesia {god gift}
 67345 | Zot:1    | XOM: cast spell 'Summon Small Mammal'
 67356 | Zot:1    | Reached skill level 5 in Throwing
 67389 | Zot:1    | XOM: 1-stop teleportation journey
 67438 | Zot:1    | XOM: divination: detect creatures
 67486 | Zot:1    | XOM: confuse monster(s)
 67494 | Zot:1    | XOM: cleaving
 67655 | Zot:1    | XOM: summons 3 hostile shadow creatures
 67702 | Zot:1    | XOM: repel stairs
 67732 | Zot:1    | XOM: divine lightning
 67737 | Zot:1    | XOM: summons 5 friendly demons
 67741 | Zot:1    | XOM: summons 3 friendly demons
 67743 | Zot:1    | XOM: scenery: create altars
 67744 | Zot:1    | XOM: god gift: heavily runed turquoise ring {god gift}
 67754 | Zot:1    | Killed an orb of fire
 67758 | Zot:1    | Identified the ring "Toteg" {god gift, rC+ rN+ MR+ Str+6
                  | Int-5} (Xom gifted it to you on level 1 of the Realm of
                  | Zot)
 68132 | Zot:1    | XOM: scenery: create altars
 68213 | Zot:2    | Identified Xom's Papyrus of Insecurity {god gift} (Xom
                  | gifted it to you on level 2 of the Realm of Zot)
 68213 | Zot:2    | XOM: god gift: Xom's Papyrus of Insecurity {god gift}
 68233 | Zot:2    | XOM: god gift: wand of acid (10) {god gift}
 68241 | Zot:2    | XOM: fog
 68245 | Zot:2    | XOM: cleaving
 68251 | Zot:2    | XOM: summons 2 friendly demons
 68267 | Zot:2    | XOM: summons 2 friendly demons
 68268 | Zot:2    | XOM: cleaving
 68425 | Zot:2    | XOM: 4-stop teleportation journey
 68498 | Zot:2    | XOM: cloud trail
 68627 | Zot:2    | XOM: enchant monster (good)
 68907 | Zot:2    | XOM: scenery: create altars
 68949 | Zot:2    | Reached skill level 15 in Stealth
 69336 | Zot:2    | XOM: give mutations
 69336 | Zot:2    | Gained mutation: You have supernaturally acute eyesight.
                  | (SInv) [Xom's grace]
 69394 | Zot:2    | Reached skill level 10 in Throwing
 69531 | Zot:3    | XOM: summons friendly orange demon
 69553 | Zot:2    | XOM: god gift: potion of magic {god gift}
 69698 | Zot:3    | XOM: summons friendly quasit
 69985 | D:13     | XOM: give mutations
 69985 | D:13     | Gained mutation: You are robust. (+10% HP) [Xom's grace]
 69985 | D:13     | Gained mutation: You are very robust. (+20% HP) [Xom's
                  | grace]
 69985 | D:13     | Gained mutation: Your muscles are strong. (Str +2) [Xom's
                  | grace]
 70100 | D:5      | Bought a potion of heal wounds for 50 gold pieces
 70100 | D:5      | Bought a potion of might for 40 gold pieces
 70100 | D:5      | Bought a potion of haste for 100 gold pieces
 70100 | D:5      | Bought a potion of curing for 30 gold pieces
 70100 | D:5      | Bought a potion of curing for 30 gold pieces
 70100 | D:5      | Bought 2 potions of ambrosia for 160 gold pieces
 70114 | D:5      | XOM: silly message
 70425 | Zot:1    | XOM: give mutations
 70425 | Zot:1    | Lost mutation: You have very sharp fingernails. [Xom's
                  | mischief]
 70425 | Zot:1    | Lost mutation: Your flesh is very cold resistant. (rC++)
                  | [Xom's mischief]
 70425 | Zot:1    | Lost mutation: Your muscles are strong. (Str +2) [Xom's
                  | mischief]
 70435 | Zot:2    | XOM: swap monsters
 70523 | Zot:3    | XOM: summons 14 hostile demons
 70537 | Zot:3    | XOM: cleaving
 70617 | Zot:2    | XOM: cloud trail
 71105 | Zot:3    | XOM: enchant monster (good)
 71178 | Zot:3    | XOM: god gift: runed whip {god gift}
 71292 | Zot:4    | XOM: summons friendly quasit
 71362 | Zot:3    | XOM: god gift: lajatang {god gift}
 71390 | Zot:3    | XOM: silly message
 71495 | Zot:4    | XOM: 1-stop teleportation journey
 71648 | Zot:4    | XOM: summons friendly white imp
 71699 | Zot:4    | XOM: scenery: create altars
 71715 | Zot:4    | XOM: cloud trail
 71785 | Zot:4    | XOM: 3-stop teleportation journey
 72209 | Zot:4    | XOM: swap monsters
 72221 | Zot:4    | XOM: summons 7 hostile demons
 72222 | Zot:4    | XOM: cleaving
 72258 | Zot:4    | XOM: give mutation
 72258 | Zot:4    | Lost mutation: You have large cloven feet. [Xom's mischief]
 72327 | Zot:4    | XOM: stat loss: -1 Str (31/32)
 72510 | Zot:4    | XOM: summons 8 friendly demons
 72673 | Zot:4    | XOM: summons 6 friendly demons
 72713 | Zot:4    | XOM: summons friendly crimson imp
 72728 | Zot:4    | XOM: enchant monster (good)
 72796 | Zot:4    | Reached skill level 15 in Throwing
 73109 | Zot:4    | XOM: noise
 73279 | Zot:5    | Entered Level 5 of the Realm of Zot
 73501 | Zot:5    | Noticed an orb of fire
 73503 | Zot:5    | Gained mutation: You are very dopey. (Int -4) [an orb of
                  | fire]
 73511 | Zot:5    | XOM: fog
 73511 | Zot:5    | Gained mutation: Your magical capacity is low. (-10% MP)
                  | [an orb of fire]
 73518 | Zot:5    | Noticed an ancient lich
 73524 | Zot:5    | Killed an orb of fire
 73528 | Zot:4    | XOM: chaos upgrade
 73529 | Zot:4    | Killed an ancient lich
 73619 | Zot:5    | Noticed an ancient lich
 73620 | Zot:5    | Noticed an ancient lich
 73628 | Zot:4    | XOM: silly message
 73657 | Zot:4    | Killed an ancient lich
 73663 | Zot:4    | Killed an ancient lich
 73815 | Zot:5    | Noticed an ancient lich
 73825 | Zot:5    | XOM: cast spell 'Call Canine Familiar'
 73833 | Zot:5    | Killed an ancient lich
 73936 | Zot:5    | Noticed an ancient lich
 73949 | Zot:5    | Killed an ancient lich
 74127 | Zot:5    | Noticed an orb of fire
 74131 | Zot:5    | Killed an orb of fire
 74132 | Zot:5    | Noticed an ancient lich
 74136 | Zot:5    | Noticed an orb of fire
 74142 | Zot:5    | Killed an orb of fire
 74148 | Zot:5    | Killed an ancient lich
 74162 | Zot:5    | XOM: divination: detect items
 74321 | Zot:5    | XOM: potion effect (stabbing)
 74328 | Zot:5    | XOM: cloud trail
 74658 | Zot:5    | XOM: potion effect (brilliance)
 74661 | Zot:5    | Lost mutation: You are very robust. (+20% HP) [mutagenic
                  | glow]
 75384 | Zot:5    | Got the Orb of Zot
 75572 | Depths:5 | XOM: silly message
 75768 | D:13     | XOM: cast spell 'Alistair's Intoxication'
 75772 | D:13     | XOM: blink monster(s)
 75793 | D:10     | Noticed Jeyfeff the pandemonium lord
 75800 | D:10     | XOM: confuse monster(s)
 75801 | D:10     | XOM: summons friendly ufetubus
 75844 | D:9      | XOM: enchant monster (good)
 75845 | D:9      | XOM: divination: detect items
 75858 | D:9      | Killed Jeyfeff the pandemonium lord
 76054 | D:2      | XOM: confuse monster(s)
 76102 | D:$      | Escaped with the Orb!
